%YAML 1.1
%TAG !u! tag:unity3d.com,2011:
--- !u!1 &1000785229810798
GameObject:
  m_ObjectHideFlags: 0
  m_CorrespondingSourceObject: {fileID: 0}
  m_PrefabInstance: {fileID: 0}
  m_PrefabAsset: {fileID: 0}
  serializedVersion: 6
  m_Component:
  - component: {fileID: 4878661245935942}
  m_Layer: 0
  m_Name: Bip001 R Finger21
  m_TagString: Untagged
  m_Icon: {fileID: 0}
  m_NavMeshLayer: 0
  m_StaticEditorFlags: 0
  m_IsActive: 1
--- !u!4 &4878661245935942
Transform:
  m_ObjectHideFlags: 0
  m_CorrespondingSourceObject: {fileID: 0}
  m_PrefabInstance: {fileID: 0}
  m_PrefabAsset: {fileID: 0}
  m_GameObject: {fileID: 1000785229810798}
  m_LocalRotation: {x: -0.000000001852279, y: 1.962377e-10, z: -0.1053543, w: 0.9944348}
  m_LocalPosition: {x: -0.140063, y: -0.0000002384186, z: 0}
  m_LocalScale: {x: 1, y: 1, z: 1}
  m_Children:
  - {fileID: 4331913429448189}
  m_Father: {fileID: 4691657396662134}
  m_RootOrder: 0
  m_LocalEulerAnglesHint: {x: -0.0000002134434, y: 4.82173e-16, z: 12.09516}
--- !u!1 &1001250480853324
GameObject:
  m_ObjectHideFlags: 0
  m_CorrespondingSourceObject: {fileID: 0}
  m_PrefabInstance: {fileID: 0}
  m_PrefabAsset: {fileID: 0}
  serializedVersion: 6
  m_Component:
  - component: {fileID: 4146769452795121}
  m_Layer: 0
  m_Name: Bip001 L Finger31
  m_TagString: Untagged
  m_Icon: {fileID: 0}
  m_NavMeshLayer: 0
  m_StaticEditorFlags: 0
  m_IsActive: 1
--- !u!4 &4146769452795121
Transform:
  m_ObjectHideFlags: 0
  m_CorrespondingSourceObject: {fileID: 0}
  m_PrefabInstance: {fileID: 0}
  m_PrefabAsset: {fileID: 0}
  m_GameObject: {fileID: 1001250480853324}
  m_LocalRotation: {x: -0.000000007387873, y: 9.646197e-10, z: -0.1294691, w: 0.9915835}
  m_LocalPosition: {x: -0.1352255, y: 0, z: 0}
  m_LocalScale: {x: 0.9999999, y: 0.9999999, z: 0.9999999}
  m_Children:
  - {fileID: 4768174044537261}
  m_Father: {fileID: 4865790668488903}
  m_RootOrder: 0
  m_LocalEulerAnglesHint: {x: -0.0000008537737, y: 6.588535e-15, z: 14.87783}
--- !u!1 &1003116356826178
GameObject:
  m_ObjectHideFlags: 0
  m_CorrespondingSourceObject: {fileID: 0}
  m_PrefabInstance: {fileID: 0}
  m_PrefabAsset: {fileID: 0}
  serializedVersion: 6
  m_Component:
  - component: {fileID: 4202924922179063}
  m_Layer: 0
  m_Name: Bip001 R Finger1Nub
  m_TagString: Untagged
  m_Icon: {fileID: 0}
  m_NavMeshLayer: 0
  m_StaticEditorFlags: 0
  m_IsActive: 1
--- !u!4 &4202924922179063
Transform:
  m_ObjectHideFlags: 0
  m_CorrespondingSourceObject: {fileID: 0}
  m_PrefabInstance: {fileID: 0}
  m_PrefabAsset: {fileID: 0}
  m_GameObject: {fileID: 1003116356826178}
  m_LocalRotation: {x: 0.00000001117587, y: 0.00000000372529, z: 1, w: -1.028657e-16}
  m_LocalPosition: {x: -0.1598068, y: 0, z: 0}
  m_LocalScale: {x: -1, y: -1, z: -1}
  m_Children: []
  m_Father: {fileID: 4563155399506902}
  m_RootOrder: 0
  m_LocalEulerAnglesHint: {x: 0.0000004268868, y: 0.000001280661, z: 180}
--- !u!1 &1012532254437575
GameObject:
  m_ObjectHideFlags: 0
  m_CorrespondingSourceObject: {fileID: 0}
  m_PrefabInstance: {fileID: 0}
  m_PrefabAsset: {fileID: 0}
  serializedVersion: 6
  m_Component:
  - component: {fileID: 4264375567368977}
  m_Layer: 0
  m_Name: Chest
  m_TagString: Untagged
  m_Icon: {fileID: 0}
  m_NavMeshLayer: 0
  m_StaticEditorFlags: 0
  m_IsActive: 1
--- !u!4 &4264375567368977
Transform:
  m_ObjectHideFlags: 0
  m_CorrespondingSourceObject: {fileID: 0}
  m_PrefabInstance: {fileID: 0}
  m_PrefabAsset: {fileID: 0}
  m_GameObject: {fileID: 1012532254437575}
  m_LocalRotation: {x: 0.00000006657903, y: 0, z: 0, w: 1}
  m_LocalPosition: {x: 0.06163555, y: 1.837286, z: 1.361084}
  m_LocalScale: {x: 1, y: 1, z: 1}
  m_Children: []
  m_Father: {fileID: 4695463183647846}
  m_RootOrder: 2
  m_LocalEulerAnglesHint: {x: 0.000007629395, y: 0, z: 0}
--- !u!1 &1029369178501712
GameObject:
  m_ObjectHideFlags: 0
  m_CorrespondingSourceObject: {fileID: 0}
  m_PrefabInstance: {fileID: 0}
  m_PrefabAsset: {fileID: 0}
  serializedVersion: 6
  m_Component:
  - component: {fileID: 4586447935726715}
  m_Layer: 0
  m_Name: bone03
  m_TagString: Untagged
  m_Icon: {fileID: 0}
  m_NavMeshLayer: 0
  m_StaticEditorFlags: 0
  m_IsActive: 1
--- !u!4 &4586447935726715
Transform:
  m_ObjectHideFlags: 0
  m_CorrespondingSourceObject: {fileID: 0}
  m_PrefabInstance: {fileID: 0}
  m_PrefabAsset: {fileID: 0}
  m_GameObject: {fileID: 1029369178501712}
  m_LocalRotation: {x: 0.5804709, y: -0.02299256, z: 0.8070809, w: -0.1055715}
  m_LocalPosition: {x: -0.01401901, y: 0.006763637, z: -0.0000004768372}
  m_LocalScale: {x: 1, y: 1, z: 0.9999999}
  m_Children: []
  m_Father: {fileID: 4454109836039959}
  m_RootOrder: 1
  m_LocalEulerAnglesHint: {x: -26.16193, y: 68.76761, z: 147.0263}
--- !u!1 &1044767192125065
GameObject:
  m_ObjectHideFlags: 0
  m_CorrespondingSourceObject: {fileID: 0}
  m_PrefabInstance: {fileID: 0}
  m_PrefabAsset: {fileID: 0}
  serializedVersion: 6
  m_Component:
  - component: {fileID: 4751239652164653}
  m_Layer: 0
  m_Name: Bip001 R Finger01
  m_TagString: Untagged
  m_Icon: {fileID: 0}
  m_NavMeshLayer: 0
  m_StaticEditorFlags: 0
  m_IsActive: 1
--- !u!4 &4751239652164653
Transform:
  m_ObjectHideFlags: 0
  m_CorrespondingSourceObject: {fileID: 0}
  m_PrefabInstance: {fileID: 0}
  m_PrefabAsset: {fileID: 0}
  m_GameObject: {fileID: 1044767192125065}
  m_LocalRotation: {x: 0.00000001488329, y: -7.294942e-10, z: -0.04895553, w: 0.998801}
  m_LocalPosition: {x: -0.1784276, y: 0.00000005960464, z: 0}
  m_LocalScale: {x: 1, y: 1, z: 1}
  m_Children:
  - {fileID: 4786347417948589}
  m_Father: {fileID: 4098404762526984}
  m_RootOrder: 0
  m_LocalEulerAnglesHint: {x: 0.000001707547, y: 3.611685e-15, z: 5.612133}
--- !u!1 &1072378352021210
GameObject:
  m_ObjectHideFlags: 0
  m_CorrespondingSourceObject: {fileID: 0}
  m_PrefabInstance: {fileID: 0}
  m_PrefabAsset: {fileID: 0}
  serializedVersion: 6
  m_Component:
  - component: {fileID: 4961136026158104}
  m_Layer: 0
  m_Name: Bip001 L Thigh
  m_TagString: Untagged
  m_Icon: {fileID: 0}
  m_NavMeshLayer: 0
  m_StaticEditorFlags: 0
  m_IsActive: 1
--- !u!4 &4961136026158104
Transform:
  m_ObjectHideFlags: 0
  m_CorrespondingSourceObject: {fileID: 0}
  m_PrefabInstance: {fileID: 0}
  m_PrefabAsset: {fileID: 0}
  m_GameObject: {fileID: 1072378352021210}
  m_LocalRotation: {x: -0.05626248, y: 0.9910588, z: -0.006197974, w: 0.1208244}
  m_LocalPosition: {x: 0.2553365, y: 0.0005429381, z: 0.6893604}
  m_LocalScale: {x: 1, y: 1, z: 1}
  m_Children:
  - {fileID: 4091546934370026}
  m_Father: {fileID: 4410974172561191}
  m_RootOrder: 0
  m_LocalEulerAnglesHint: {x: -178.4728, y: -13.81519, z: 173.3166}
--- !u!1 &1083923885307748
GameObject:
  m_ObjectHideFlags: 0
  m_CorrespondingSourceObject: {fileID: 0}
  m_PrefabInstance: {fileID: 0}
  m_PrefabAsset: {fileID: 0}
  serializedVersion: 6
  m_Component:
  - component: {fileID: 4931071529851973}
  m_Layer: 10
  m_Name: Hp_show
  m_TagString: Untagged
  m_Icon: {fileID: 0}
  m_NavMeshLayer: 0
  m_StaticEditorFlags: 0
  m_IsActive: 1
--- !u!4 &4931071529851973
Transform:
  m_ObjectHideFlags: 0
  m_CorrespondingSourceObject: {fileID: 0}
  m_PrefabInstance: {fileID: 0}
  m_PrefabAsset: {fileID: 0}
  m_GameObject: {fileID: 1083923885307748}
  m_LocalRotation: {x: 0.00000008146034, y: 0, z: 0, w: 1}
  m_LocalPosition: {x: 0, y: 3.1, z: 0}
  m_LocalScale: {x: 1, y: 1, z: 1}
  m_Children: []
  m_Father: {fileID: 4695463183647846}
  m_RootOrder: 9
  m_LocalEulerAnglesHint: {x: 0.000009334668, y: 0, z: 0}
--- !u!1 &1092045603250765
GameObject:
  m_ObjectHideFlags: 0
  m_CorrespondingSourceObject: {fileID: 0}
  m_PrefabInstance: {fileID: 0}
  m_PrefabAsset: {fileID: 0}
  serializedVersion: 6
  m_Component:
  - component: {fileID: 4343568588082420}
  m_Layer: 0
  m_Name: Bip001 L Forearm
  m_TagString: Untagged
  m_Icon: {fileID: 0}
  m_NavMeshLayer: 0
  m_StaticEditorFlags: 0
  m_IsActive: 1
--- !u!4 &4343568588082420
Transform:
  m_ObjectHideFlags: 0
  m_CorrespondingSourceObject: {fileID: 0}
  m_PrefabInstance: {fileID: 0}
  m_PrefabAsset: {fileID: 0}
  m_GameObject: {fileID: 1092045603250765}
  m_LocalRotation: {x: -0.000000003492876, y: -0.00000001495735, z: 0.01556679, w: 0.9998788}
  m_LocalPosition: {x: -0.462849, y: -0.00000001490116, z: 0}
  m_LocalScale: {x: 0.9999999, y: 0.9999999, z: 1}
  m_Children:
  - {fileID: 4396130155207371}
  m_Father: {fileID: 4644770735345775}
  m_RootOrder: 0
  m_LocalEulerAnglesHint: {x: -0.0000004268869, y: 0.000001707547, z: -1.783895}
--- !u!1 &1094332383479591
GameObject:
  m_ObjectHideFlags: 0
  m_CorrespondingSourceObject: {fileID: 0}
  m_PrefabInstance: {fileID: 0}
  m_PrefabAsset: {fileID: 0}
  serializedVersion: 6
  m_Component:
  - component: {fileID: 4358435766936099}
  m_Layer: 10
  m_Name: Weak3
  m_TagString: Untagged
  m_Icon: {fileID: 0}
  m_NavMeshLayer: 0
  m_StaticEditorFlags: 0
  m_IsActive: 1
--- !u!4 &4358435766936099
Transform:
  m_ObjectHideFlags: 0
  m_CorrespondingSourceObject: {fileID: 0}
  m_PrefabInstance: {fileID: 0}
  m_PrefabAsset: {fileID: 0}
  m_GameObject: {fileID: 1094332383479591}
  m_LocalRotation: {x: 0, y: 0.3826834, z: 0, w: 0.9238796}
  m_LocalPosition: {x: 0.3, y: 0, z: 0.3}
  m_LocalScale: {x: 1, y: 1, z: 1}
  m_Children: []
  m_Father: {fileID: 4695463183647846}
  m_RootOrder: 13
  m_LocalEulerAnglesHint: {x: 0, y: -45, z: 0}
--- !u!1 &1100027665345784
GameObject:
  m_ObjectHideFlags: 0
  m_CorrespondingSourceObject: {fileID: 0}
  m_PrefabInstance: {fileID: 0}
  m_PrefabAsset: {fileID: 0}
  serializedVersion: 6
  m_Component:
  - component: {fileID: 4859923866868896}
  m_Layer: 0
  m_Name: Bip001 L Finger1
  m_TagString: Untagged
  m_Icon: {fileID: 0}
  m_NavMeshLayer: 0
  m_StaticEditorFlags: 0
  m_IsActive: 1
--- !u!4 &4859923866868896
Transform:
  m_ObjectHideFlags: 0
  m_CorrespondingSourceObject: {fileID: 0}
  m_PrefabInstance: {fileID: 0}
  m_PrefabAsset: {fileID: 0}
  m_GameObject: {fileID: 1100027665345784}
  m_LocalRotation: {x: 0.1583224, y: -0.1125074, z: -0.0950684, w: 0.9763392}
  m_LocalPosition: {x: -0.3379422, y: 0.01984, z: -0.1178922}
  m_LocalScale: {x: 1, y: 1, z: 1}
  m_Children:
  - {fileID: 4954983037183625}
  m_Father: {fileID: 4396130155207371}
  m_RootOrder: 1
  m_LocalEulerAnglesHint: {x: 19.67291, y: 10.92873, z: 13.02345}
--- !u!1 &1113988404369327
GameObject:
  m_ObjectHideFlags: 0
  m_CorrespondingSourceObject: {fileID: 0}
  m_PrefabInstance: {fileID: 0}
  m_PrefabAsset: {fileID: 0}
  serializedVersion: 6
  m_Component:
  - component: {fileID: 4563155399506902}
  m_Layer: 0
  m_Name: Bip001 R Finger11
  m_TagString: Untagged
  m_Icon: {fileID: 0}
  m_NavMeshLayer: 0
  m_StaticEditorFlags: 0
  m_IsActive: 1
--- !u!4 &4563155399506902
Transform:
  m_ObjectHideFlags: 0
  m_CorrespondingSourceObject: {fileID: 0}
  m_PrefabInstance: {fileID: 0}
  m_PrefabAsset: {fileID: 0}
  m_GameObject: {fileID: 1113988404369327}
  m_LocalRotation: {x: 0.00000001332996, y: 0.000000002488541, z: -0.09359925, w: 0.99561}
  m_LocalPosition: {x: -0.1429923, y: 0, z: 0}
  m_LocalScale: {x: 1, y: 1, z: 1}
  m_Children:
  - {fileID: 4202924922179063}
  m_Father: {fileID: 4147184145687769}
  m_RootOrder: 0
  m_LocalEulerAnglesHint: {x: 0.000001494104, y: -0.0000004268868, z: 10.74141}
--- !u!1 &1123548705053248
GameObject:
  m_ObjectHideFlags: 0
  m_CorrespondingSourceObject: {fileID: 0}
  m_PrefabInstance: {fileID: 0}
  m_PrefabAsset: {fileID: 0}
  serializedVersion: 6
  m_Component:
  - component: {fileID: 4830787313130106}
  m_Layer: 0
  m_Name: Bip001 L Toe0Nub
  m_TagString: Untagged
  m_Icon: {fileID: 0}
  m_NavMeshLayer: 0
  m_StaticEditorFlags: 0
  m_IsActive: 1
--- !u!4 &4830787313130106
Transform:
  m_ObjectHideFlags: 0
  m_CorrespondingSourceObject: {fileID: 0}
  m_PrefabInstance: {fileID: 0}
  m_PrefabAsset: {fileID: 0}
  m_GameObject: {fileID: 1123548705053248}
  m_LocalRotation: {x: 0.00000002812352, y: 7.275957e-12, z: 1, w: 6.102771e-17}
  m_LocalPosition: {x: -0.05273825, y: 0, z: 0}
  m_LocalScale: {x: -1, y: -1, z: -1}
  m_Children: []
  m_Father: {fileID: 4525912327417349}
  m_RootOrder: 0
  m_LocalEulerAnglesHint: {x: 8.337632e-10, y: 0.000003222718, z: -180}
--- !u!1 &1127081806409839
GameObject:
  m_ObjectHideFlags: 0
  m_CorrespondingSourceObject: {fileID: 0}
  m_PrefabInstance: {fileID: 0}
  m_PrefabAsset: {fileID: 0}
  serializedVersion: 6
  m_Component:
  - component: {fileID: 4147184145687769}
  m_Layer: 0
  m_Name: Bip001 R Finger1
  m_TagString: Untagged
  m_Icon: {fileID: 0}
  m_NavMeshLayer: 0
  m_StaticEditorFlags: 0
  m_IsActive: 1
--- !u!4 &4147184145687769
Transform:
  m_ObjectHideFlags: 0
  m_CorrespondingSourceObject: {fileID: 0}
  m_PrefabInstance: {fileID: 0}
  m_PrefabAsset: {fileID: 0}
  m_GameObject: {fileID: 1127081806409839}
  m_LocalRotation: {x: -0.1583224, y: 0.1125074, z: -0.0950684, w: 0.9763392}
  m_LocalPosition: {x: -0.3379424, y: 0.01984, z: 0.1178922}
  m_LocalScale: {x: 1, y: 1, z: 1}
  m_Children:
  - {fileID: 4563155399506902}
  m_Father: {fileID: 4857562205736591}
  m_RootOrder: 1
  m_LocalEulerAnglesHint: {x: -19.67291, y: -10.92873, z: 13.02345}
--- !u!1 &1137012274992639
GameObject:
  m_ObjectHideFlags: 0
  m_CorrespondingSourceObject: {fileID: 0}
  m_PrefabInstance: {fileID: 0}
  m_PrefabAsset: {fileID: 0}
  serializedVersion: 6
  m_Component:
  - component: {fileID: 4703943417175305}
  m_Layer: 0
  m_Name: Head
  m_TagString: Untagged
  m_Icon: {fileID: 0}
  m_NavMeshLayer: 0
  m_StaticEditorFlags: 0
  m_IsActive: 1
--- !u!4 &4703943417175305
Transform:
  m_ObjectHideFlags: 0
  m_CorrespondingSourceObject: {fileID: 0}
  m_PrefabInstance: {fileID: 0}
  m_PrefabAsset: {fileID: 0}
  m_GameObject: {fileID: 1137012274992639}
  m_LocalRotation: {x: 0.5001993, y: -0.4998007, z: -0.5001986, w: -0.4998012}
  m_LocalPosition: {x: -1.851551, y: -0.0004227499, z: -0.0000002384186}
  m_LocalScale: {x: 1, y: 1, z: 1}
  m_Children: []
  m_Father: {fileID: 4918621689073789}
  m_RootOrder: 3
  m_LocalEulerAnglesHint: {x: -90.04561, y: -89.99993, z: 0}
--- !u!1 &1140385307054643
GameObject:
  m_ObjectHideFlags: 0
  m_CorrespondingSourceObject: {fileID: 0}
  m_PrefabInstance: {fileID: 0}
  m_PrefabAsset: {fileID: 0}
  serializedVersion: 6
  m_Component:
  - component: {fileID: 4983167880574391}
  m_Layer: 0
  m_Name: bone11
  m_TagString: Untagged
  m_Icon: {fileID: 0}
  m_NavMeshLayer: 0
  m_StaticEditorFlags: 0
  m_IsActive: 1
--- !u!4 &4983167880574391
Transform:
  m_ObjectHideFlags: 0
  m_CorrespondingSourceObject: {fileID: 0}
  m_PrefabInstance: {fileID: 0}
  m_PrefabAsset: {fileID: 0}
  m_GameObject: {fileID: 1140385307054643}
  m_LocalRotation: {x: -0.01003273, y: 0.03091004, z: 0.8561757, w: 0.5156619}
  m_LocalPosition: {x: 6.559982, y: 4.441003, z: -0.3651841}
  m_LocalScale: {x: 0.9999999, y: 1, z: 1}
  m_Children:
  - {fileID: 4363629019748978}
  m_Father: {fileID: 4857562205736591}
  m_RootOrder: 6
  m_LocalEulerAnglesHint: {x: 2.443442, y: -2.811934, z: -117.9401}
--- !u!1 &1141506348390059
GameObject:
  m_ObjectHideFlags: 0
  m_CorrespondingSourceObject: {fileID: 0}
  m_PrefabInstance: {fileID: 0}
  m_PrefabAsset: {fileID: 0}
  serializedVersion: 6
  m_Component:
  - component: {fileID: 4644770735345775}
  m_Layer: 0
  m_Name: Bip001 L UpperArm
  m_TagString: Untagged
  m_Icon: {fileID: 0}
  m_NavMeshLayer: 0
  m_StaticEditorFlags: 0
  m_IsActive: 1
--- !u!4 &4644770735345775
Transform:
  m_ObjectHideFlags: 0
  m_CorrespondingSourceObject: {fileID: 0}
  m_PrefabInstance: {fileID: 0}
  m_PrefabAsset: {fileID: 0}
  m_GameObject: {fileID: 1141506348390059}
  m_LocalRotation: {x: 0.04671972, y: 0.006471941, z: -0.0151058, w: 0.9987729}
  m_LocalPosition: {x: -0.2093124, y: -9.094947e-13, z: 0.0000001192093}
  m_LocalScale: {x: 1, y: 1, z: 1}
  m_Children:
  - {fileID: 4343568588082420}
  m_Father: {fileID: 4974181366803210}
  m_RootOrder: 0
  m_LocalEulerAnglesHint: {x: 5.344207, y: -0.8216196, z: 1.694646}
--- !u!1 &1175756445163086
GameObject:
  m_ObjectHideFlags: 0
  m_CorrespondingSourceObject: {fileID: 0}
  m_PrefabInstance: {fileID: 0}
  m_PrefabAsset: {fileID: 0}
  serializedVersion: 6
  m_Component:
  - component: {fileID: 4082771738951763}
  m_Layer: 0
  m_Name: Bip001 R Thigh
  m_TagString: Untagged
  m_Icon: {fileID: 0}
  m_NavMeshLayer: 0
  m_StaticEditorFlags: 0
  m_IsActive: 1
--- !u!4 &4082771738951763
Transform:
  m_ObjectHideFlags: 0
  m_CorrespondingSourceObject: {fileID: 0}
  m_PrefabInstance: {fileID: 0}
  m_PrefabAsset: {fileID: 0}
  m_GameObject: {fileID: 1175756445163086}
  m_LocalRotation: {x: -0.05626294, y: 0.9910588, z: 0.006200665, w: -0.1208244}
  m_LocalPosition: {x: 0.2553365, y: 0.000546762, z: -0.6893604}
  m_LocalScale: {x: 1, y: 1, z: 1}
  m_Children:
  - {fileID: 4444253485778890}
  m_Father: {fileID: 4410974172561191}
  m_RootOrder: 1
  m_LocalEulerAnglesHint: {x: 178.4725, y: 13.81516, z: 173.3165}
--- !u!1 &1200137922910266
GameObject:
  m_ObjectHideFlags: 0
  m_CorrespondingSourceObject: {fileID: 0}
  m_PrefabInstance: {fileID: 0}
  m_PrefabAsset: {fileID: 0}
  serializedVersion: 6
  m_Component:
  - component: {fileID: 4337604556911852}
  m_Layer: 0
  m_Name: Bip001 L Finger01
  m_TagString: Untagged
  m_Icon: {fileID: 0}
  m_NavMeshLayer: 0
  m_StaticEditorFlags: 0
  m_IsActive: 1
--- !u!4 &4337604556911852
Transform:
  m_ObjectHideFlags: 0
  m_CorrespondingSourceObject: {fileID: 0}
  m_PrefabInstance: {fileID: 0}
  m_PrefabAsset: {fileID: 0}
  m_GameObject: {fileID: 1200137922910266}
  m_LocalRotation: {x: 7.294949e-10, y: 0.0000000148833, z: -0.04895557, w: 0.998801}
  m_LocalPosition: {x: -0.1784276, y: 0, z: 0}
  m_LocalScale: {x: 1, y: 1, z: 1}
  m_Children:
  - {fileID: 4891309342223098}
  m_Father: {fileID: 4275950954408672}
  m_RootOrder: 0
  m_LocalEulerAnglesHint: {x: 1.370895e-15, y: -0.000001707547, z: 5.612137}
--- !u!1 &1202455536282383
GameObject:
  m_ObjectHideFlags: 0
  m_CorrespondingSourceObject: {fileID: 0}
  m_PrefabInstance: {fileID: 0}
  m_PrefabAsset: {fileID: 0}
  serializedVersion: 6
  m_Component:
  - component: {fileID: 4444253485778890}
  m_Layer: 0
  m_Name: Bip001 R Calf
  m_TagString: Untagged
  m_Icon: {fileID: 0}
  m_NavMeshLayer: 0
  m_StaticEditorFlags: 0
  m_IsActive: 1
--- !u!4 &4444253485778890
Transform:
  m_ObjectHideFlags: 0
  m_CorrespondingSourceObject: {fileID: 0}
  m_PrefabInstance: {fileID: 0}
  m_PrefabAsset: {fileID: 0}
  m_GameObject: {fileID: 1202455536282383}
  m_LocalRotation: {x: -0.000000004286745, y: -0.000000008268009, z: 0.1644339, w: 0.9863881}
  m_LocalPosition: {x: -0.1911951, y: -0.000000007450581, z: 0}
  m_LocalScale: {x: 1, y: 1, z: 1}
  m_Children:
  - {fileID: 4187592170043969}
  m_Father: {fileID: 4082771738951763}
  m_RootOrder: 0
  m_LocalEulerAnglesHint: {x: -0.0000006403302, y: 0.0000008537735, z: -18.9287}
--- !u!1 &1222430856064498
GameObject:
  m_ObjectHideFlags: 0
  m_CorrespondingSourceObject: {fileID: 0}
  m_PrefabInstance: {fileID: 0}
  m_PrefabAsset: {fileID: 0}
  serializedVersion: 6
  m_Component:
  - component: {fileID: 4596810092048990}
  m_Layer: 0
  m_Name: Bip001 Pelvis
  m_TagString: Untagged
  m_Icon: {fileID: 0}
  m_NavMeshLayer: 0
  m_StaticEditorFlags: 0
  m_IsActive: 1
--- !u!4 &4596810092048990
Transform:
  m_ObjectHideFlags: 0
  m_CorrespondingSourceObject: {fileID: 0}
  m_PrefabInstance: {fileID: 0}
  m_PrefabAsset: {fileID: 0}
  m_GameObject: {fileID: 1222430856064498}
  m_LocalRotation: {x: -0.5, y: 0.5, z: 0.4999993, w: 0.5000007}
  m_LocalPosition: {x: 0, y: 0, z: 0}
  m_LocalScale: {x: 1, y: 0.9999999, z: 0.9999999}
  m_Children:
  - {fileID: 4410974172561191}
  m_Father: {fileID: 4068762848469113}
  m_RootOrder: 0
  m_LocalEulerAnglesHint: {x: -89.99992, y: -89.99992, z: 0}
--- !u!1 &1236497401137495
GameObject:
  m_ObjectHideFlags: 0
  m_CorrespondingSourceObject: {fileID: 0}
  m_PrefabInstance: {fileID: 0}
  m_PrefabAsset: {fileID: 0}
  serializedVersion: 6
  m_Component:
  - component: {fileID: 4585964035570285}
  m_Layer: 10
  m_Name: Fly_Head
  m_TagString: Untagged
  m_Icon: {fileID: 0}
  m_NavMeshLayer: 0
  m_StaticEditorFlags: 0
  m_IsActive: 1
--- !u!4 &4585964035570285
Transform:
  m_ObjectHideFlags: 0
  m_CorrespondingSourceObject: {fileID: 0}
  m_PrefabInstance: {fileID: 0}
  m_PrefabAsset: {fileID: 0}
  m_GameObject: {fileID: 1236497401137495}
  m_LocalRotation: {x: 0.00000008146034, y: 0, z: 0, w: 1}
  m_LocalPosition: {x: 0, y: 3, z: 0}
  m_LocalScale: {x: 1, y: 1, z: 1}
  m_Children: []
  m_Father: {fileID: 4695463183647846}
  m_RootOrder: 6
  m_LocalEulerAnglesHint: {x: 0.000009334668, y: 0, z: 0}
--- !u!1 &1237653528764959
GameObject:
  m_ObjectHideFlags: 0
  m_CorrespondingSourceObject: {fileID: 0}
  m_PrefabInstance: {fileID: 0}
  m_PrefabAsset: {fileID: 0}
  serializedVersion: 6
  m_Component:
  - component: {fileID: 4922661558318531}
  m_Layer: 10
  m_Name: Weak1
  m_TagString: Untagged
  m_Icon: {fileID: 0}
  m_NavMeshLayer: 0
  m_StaticEditorFlags: 0
  m_IsActive: 1
--- !u!4 &4922661558318531
Transform:
  m_ObjectHideFlags: 0
  m_CorrespondingSourceObject: {fileID: 0}
  m_PrefabInstance: {fileID: 0}
  m_PrefabAsset: {fileID: 0}
  m_GameObject: {fileID: 1237653528764959}
  m_LocalRotation: {x: 0, y: -0.3826834, z: 0, w: 0.9238796}
  m_LocalPosition: {x: -0.3, y: 0, z: 0.3}
  m_LocalScale: {x: 1, y: 1, z: 1}
  m_Children: []
  m_Father: {fileID: 4695463183647846}
  m_RootOrder: 11
  m_LocalEulerAnglesHint: {x: 0, y: 45, z: 0}
--- !u!1 &1247720857884203
GameObject:
  m_ObjectHideFlags: 0
  m_CorrespondingSourceObject: {fileID: 0}
  m_PrefabInstance: {fileID: 0}
  m_PrefabAsset: {fileID: 0}
  serializedVersion: 6
  m_Component:
  - component: {fileID: 4909570081694959}
  m_Layer: 0
  m_Name: Bip001 L Finger1Nub
  m_TagString: Untagged
  m_Icon: {fileID: 0}
  m_NavMeshLayer: 0
  m_StaticEditorFlags: 0
  m_IsActive: 1
--- !u!4 &4909570081694959
Transform:
  m_ObjectHideFlags: 0
  m_CorrespondingSourceObject: {fileID: 0}
  m_PrefabInstance: {fileID: 0}
  m_PrefabAsset: {fileID: 0}
  m_GameObject: {fileID: 1247720857884203}
  m_LocalRotation: {x: 0, y: 0, z: -0.00000002980232, w: 1}
  m_LocalPosition: {x: -0.1598065, y: -0.0000002384186, z: 0}
  m_LocalScale: {x: 1, y: 1, z: 1}
  m_Children: []
  m_Father: {fileID: 4954983037183625}
  m_RootOrder: 0
  m_LocalEulerAnglesHint: {x: 0, y: 0, z: 0.000003415095}
--- !u!1 &1285012330724313
GameObject:
  m_ObjectHideFlags: 0
  m_CorrespondingSourceObject: {fileID: 0}
  m_PrefabInstance: {fileID: 0}
  m_PrefabAsset: {fileID: 0}
  serializedVersion: 6
  m_Component:
  - component: {fileID: 4605054694314365}
  m_Layer: 0
  m_Name: Bip001 L Foot
  m_TagString: Untagged
  m_Icon: {fileID: 0}
  m_NavMeshLayer: 0
  m_StaticEditorFlags: 0
  m_IsActive: 1
--- !u!4 &4605054694314365
Transform:
  m_ObjectHideFlags: 0
  m_CorrespondingSourceObject: {fileID: 0}
  m_PrefabInstance: {fileID: 0}
  m_PrefabAsset: {fileID: 0}
  m_GameObject: {fileID: 1285012330724313}
  m_LocalRotation: {x: -0.1332078, y: 0.1349093, z: -0.08878244, w: 0.9778409}
  m_LocalPosition: {x: -0.2703327, y: 0, z: -0.00000005960464}
  m_LocalScale: {x: 1, y: 1, z: 1}
  m_Children:
  - {fileID: 4525912327417349}
  - {fileID: 4672993375582052}
  m_Father: {fileID: 4091546934370026}
  m_RootOrder: 0
  m_LocalEulerAnglesHint: {x: -17.04039, y: -13.89756, z: 12.46787}
--- !u!1 &1297522215964730
GameObject:
  m_ObjectHideFlags: 0
  m_CorrespondingSourceObject: {fileID: 0}
  m_PrefabInstance: {fileID: 0}
  m_PrefabAsset: {fileID: 0}
  serializedVersion: 6
  m_Component:
  - component: {fileID: 4331913429448189}
  m_Layer: 0
  m_Name: Bip001 R Finger2Nub
  m_TagString: Untagged
  m_Icon: {fileID: 0}
  m_NavMeshLayer: 0
  m_StaticEditorFlags: 0
  m_IsActive: 1
--- !u!4 &4331913429448189
Transform:
  m_ObjectHideFlags: 0
  m_CorrespondingSourceObject: {fileID: 0}
  m_PrefabInstance: {fileID: 0}
  m_PrefabAsset: {fileID: 0}
  m_GameObject: {fileID: 1297522215964730}
  m_LocalRotation: {x: -0.000000001862645, y: -0.000000001862645, z: 1, w: 5.77629e-17}
  m_LocalPosition: {x: -0.1934057, y: 0, z: 0}
  m_LocalScale: {x: -1, y: -1, z: -1}
  m_Children: []
  m_Father: {fileID: 4878661245935942}
  m_RootOrder: 0
  m_LocalEulerAnglesHint: {x: -0.0000002134434, y: -0.0000002134434, z: -180}
--- !u!1 &1306576825059422
GameObject:
  m_ObjectHideFlags: 0
  m_CorrespondingSourceObject: {fileID: 0}
  m_PrefabInstance: {fileID: 0}
  m_PrefabAsset: {fileID: 0}
  serializedVersion: 6
  m_Component:
  - component: {fileID: 4425370513144172}
  - component: {fileID: 137215364142911284}
  m_Layer: 10
  m_Name: jian
  m_TagString: Untagged
  m_Icon: {fileID: 0}
  m_NavMeshLayer: 0
  m_StaticEditorFlags: 0
  m_IsActive: 1
--- !u!4 &4425370513144172
Transform:
  m_ObjectHideFlags: 0
  m_CorrespondingSourceObject: {fileID: 0}
  m_PrefabInstance: {fileID: 0}
  m_PrefabAsset: {fileID: 0}
  m_GameObject: {fileID: 1306576825059422}
  m_LocalRotation: {x: -0.7071068, y: 0, z: 0, w: 0.7071068}
  m_LocalPosition: {x: 0, y: 0, z: 0}
  m_LocalScale: {x: 1, y: 1, z: 1}
  m_Children: []
  m_Father: {fileID: 4695463183647846}
  m_RootOrder: 4
  m_LocalEulerAnglesHint: {x: -90, y: 0, z: 0}
--- !u!137 &137215364142911284
SkinnedMeshRenderer:
  m_ObjectHideFlags: 0
  m_CorrespondingSourceObject: {fileID: 0}
  m_PrefabInstance: {fileID: 0}
  m_PrefabAsset: {fileID: 0}
  m_GameObject: {fileID: 1306576825059422}
  m_Enabled: 1
  m_CastShadows: 1
  m_ReceiveShadows: 1
  m_DynamicOccludee: 1
  m_MotionVectors: 1
  m_LightProbeUsage: 1
  m_ReflectionProbeUsage: 1
  m_RayTracingMode: 3
  m_RayTraceProcedural: 0
  m_RenderingLayerMask: 1
  m_RendererPriority: 0
  m_Materials:
  - {fileID: 2100000, guid: 2ed576f5dfc91844ba5e8b7d79094177, type: 2}
  m_StaticBatchInfo:
    firstSubMesh: 0
    subMeshCount: 0
  m_StaticBatchRoot: {fileID: 0}
  m_ProbeAnchor: {fileID: 0}
  m_LightProbeVolumeOverride: {fileID: 0}
  m_ScaleInLightmap: 1
  m_ReceiveGI: 1
  m_PreserveUVs: 0
  m_IgnoreNormalsForChartDetection: 0
  m_ImportantGI: 0
  m_StitchLightmapSeams: 0
  m_SelectedEditorRenderState: 3
  m_MinimumChartSize: 4
  m_AutoUVMaxDistance: 0.5
  m_AutoUVMaxAngle: 89
  m_LightmapParameters: {fileID: 0}
  m_SortingLayerID: 0
  m_SortingLayer: 0
  m_SortingOrder: 0
  serializedVersion: 2
  m_Quality: 0
  m_UpdateWhenOffscreen: 0
  m_SkinnedMotionVectors: 1
  m_Mesh: {fileID: 4300000, guid: 0a5fe2fd26d094d4ba6b8a0003d3d7aa, type: 2}
  m_Bones:
  - {fileID: 4983167880574391}
  m_BlendShapeWeights: []
  m_RootBone: {fileID: 4983167880574391}
  m_AABB:
    m_Center: {x: -1.532408, y: -0.001929492, z: -0.000001475215}
    m_Extent: {x: 1.917276, y: 0.3425463, z: 0.1719074}
  m_DirtyAABB: 0
--- !u!1 &1332317976546777
GameObject:
  m_ObjectHideFlags: 0
  m_CorrespondingSourceObject: {fileID: 0}
  m_PrefabInstance: {fileID: 0}
  m_PrefabAsset: {fileID: 0}
  serializedVersion: 6
  m_Component:
  - component: {fileID: 4509200019104360}
  m_Layer: 0
  m_Name: Bip001 Head
  m_TagString: Untagged
  m_Icon: {fileID: 0}
  m_NavMeshLayer: 0
  m_StaticEditorFlags: 0
  m_IsActive: 1
--- !u!4 &4509200019104360
Transform:
  m_ObjectHideFlags: 0
  m_CorrespondingSourceObject: {fileID: 0}
  m_PrefabInstance: {fileID: 0}
  m_PrefabAsset: {fileID: 0}
  m_GameObject: {fileID: 1332317976546777}
  m_LocalRotation: {x: -0.000000004529048, y: 0.0000001681181, z: -0.03971646, w: 0.999211}
  m_LocalPosition: {x: -0.125896, y: 0, z: -5.684342e-14}
  m_LocalScale: {x: 1, y: 1, z: 1}
  m_Children:
  - {fileID: 4432907103422587}
  m_Father: {fileID: 4697331750286133}
  m_RootOrder: 0
  m_LocalEulerAnglesHint: {x: -0.000001283716, y: -0.00001922911, z: 4.552368}
--- !u!1 &1351764340983399
GameObject:
  m_ObjectHideFlags: 0
  m_CorrespondingSourceObject: {fileID: 0}
  m_PrefabInstance: {fileID: 0}
  m_PrefabAsset: {fileID: 0}
  serializedVersion: 6
  m_Component:
  - component: {fileID: 4451110996182150}
  m_Layer: 0
  m_Name: bone09
  m_TagString: Untagged
  m_Icon: {fileID: 0}
  m_NavMeshLayer: 0
  m_StaticEditorFlags: 0
  m_IsActive: 1
--- !u!4 &4451110996182150
Transform:
  m_ObjectHideFlags: 0
  m_CorrespondingSourceObject: {fileID: 0}
  m_PrefabInstance: {fileID: 0}
  m_PrefabAsset: {fileID: 0}
  m_GameObject: {fileID: 1351764340983399}
  m_LocalRotation: {x: 0.5156616, y: 0.8561759, z: -0.03090985, w: 0.01003271}
  m_LocalPosition: {x: 4.737405, y: 3.914638, z: -0.3029889}
  m_LocalScale: {x: 0.9999998, y: 1.000001, z: 0.9999998}
  m_Children: []
  m_Father: {fileID: 4857562205736591}
  m_RootOrder: 5
  m_LocalEulerAnglesHint: {x: -177.5566, y: -2.81192, z: -117.9402}
--- !u!1 &1368601142026232
GameObject:
  m_ObjectHideFlags: 0
  m_CorrespondingSourceObject: {fileID: 0}
  m_PrefabInstance: {fileID: 0}
  m_PrefabAsset: {fileID: 0}
  serializedVersion: 6
  m_Component:
  - component: {fileID: 4895046528510732}
  m_Layer: 0
  m_Name: Bip001 L Finger2
  m_TagString: Untagged
  m_Icon: {fileID: 0}
  m_NavMeshLayer: 0
  m_StaticEditorFlags: 0
  m_IsActive: 1
--- !u!4 &4895046528510732
Transform:
  m_ObjectHideFlags: 0
  m_CorrespondingSourceObject: {fileID: 0}
  m_PrefabInstance: {fileID: 0}
  m_PrefabAsset: {fileID: 0}
  m_GameObject: {fileID: 1368601142026232}
  m_LocalRotation: {x: -0.00005616611, y: 0.02461269, z: -0.07969148, w: 0.9965157}
  m_LocalPosition: {x: -0.3482183, y: 0.01611114, z: -0.02335012}
  m_LocalScale: {x: 1, y: 1, z: 1}
  m_Children:
  - {fileID: 4880558715143871}
  m_Father: {fileID: 4396130155207371}
  m_RootOrder: 2
  m_LocalEulerAnglesHint: {x: -0.2314552, y: -2.811193, z: 9.150119}
--- !u!1 &1371124513354123
GameObject:
  m_ObjectHideFlags: 0
  m_CorrespondingSourceObject: {fileID: 0}
  m_PrefabInstance: {fileID: 0}
  m_PrefabAsset: {fileID: 0}
  serializedVersion: 6
  m_Component:
  - component: {fileID: 4670590786945171}
  m_Layer: 0
  m_Name: Bip001 R Forearm
  m_TagString: Untagged
  m_Icon: {fileID: 0}
  m_NavMeshLayer: 0
  m_StaticEditorFlags: 0
  m_IsActive: 1
--- !u!4 &4670590786945171
Transform:
  m_ObjectHideFlags: 0
  m_CorrespondingSourceObject: {fileID: 0}
  m_PrefabInstance: {fileID: 0}
  m_PrefabAsset: {fileID: 0}
  m_GameObject: {fileID: 1371124513354123}
  m_LocalRotation: {x: 0.000000007217715, y: 0.00000001501534, z: 0.01556679, w: 0.9998788}
  m_LocalPosition: {x: -0.4628491, y: 0, z: 0}
  m_LocalScale: {x: 0.9999999, y: 0.9999999, z: 1}
  m_Children:
  - {fileID: 4857562205736591}
  m_Father: {fileID: 4606700080406783}
  m_RootOrder: 0
  m_LocalEulerAnglesHint: {x: 0.0000008537737, y: -0.000001707547, z: -1.783895}
--- !u!1 &1375924273179697
GameObject:
  m_ObjectHideFlags: 0
  m_CorrespondingSourceObject: {fileID: 0}
  m_PrefabInstance: {fileID: 0}
  m_PrefabAsset: {fileID: 0}
  serializedVersion: 6
  m_Component:
  - component: {fileID: 4801565382307079}
  m_Layer: 0
  m_Name: Bip001 R Clavicle
  m_TagString: Untagged
  m_Icon: {fileID: 0}
  m_NavMeshLayer: 0
  m_StaticEditorFlags: 0
  m_IsActive: 1
--- !u!4 &4801565382307079
Transform:
  m_ObjectHideFlags: 0
  m_CorrespondingSourceObject: {fileID: 0}
  m_PrefabInstance: {fileID: 0}
  m_PrefabAsset: {fileID: 0}
  m_GameObject: {fileID: 1375924273179697}
  m_LocalRotation: {x: 0.564349, y: -0.02243319, z: 0.8245804, w: 0.0327751}
  m_LocalPosition: {x: 1.154425, y: -0.04836847, z: -1.091}
  m_LocalScale: {x: 1, y: 1, z: 1}
  m_Children:
  - {fileID: 4606700080406783}
  m_Father: {fileID: 4697331750286133}
  m_RootOrder: 2
  m_LocalEulerAnglesHint: {x: -0.0004344049, y: 68.77607, z: -175.448}
--- !u!1 &1381134265138253
GameObject:
  m_ObjectHideFlags: 0
  m_CorrespondingSourceObject: {fileID: 0}
  m_PrefabInstance: {fileID: 0}
  m_PrefabAsset: {fileID: 0}
  serializedVersion: 6
  m_Component:
  - component: {fileID: 4516220095494651}
  m_Layer: 0
  m_Name: Bip001 L Finger2Nub
  m_TagString: Untagged
  m_Icon: {fileID: 0}
  m_NavMeshLayer: 0
  m_StaticEditorFlags: 0
  m_IsActive: 1
--- !u!4 &4516220095494651
Transform:
  m_ObjectHideFlags: 0
  m_CorrespondingSourceObject: {fileID: 0}
  m_PrefabInstance: {fileID: 0}
  m_PrefabAsset: {fileID: 0}
  m_GameObject: {fileID: 1381134265138253}
  m_LocalRotation: {x: -0.000000003259629, y: 0.00000000372529, z: 0.00000002980232,
    w: 1}
  m_LocalPosition: {x: -0.1934056, y: 0, z: 0.00000001490116}
  m_LocalScale: {x: 1, y: 1, z: 1}
  m_Children: []
  m_Father: {fileID: 4880558715143871}
  m_RootOrder: 0
  m_LocalEulerAnglesHint: {x: -0.000000373526, y: -0.0000004268868, z: -0.000003415095}
--- !u!1 &1448656943790400
GameObject:
  m_ObjectHideFlags: 0
  m_CorrespondingSourceObject: {fileID: 0}
  m_PrefabInstance: {fileID: 0}
  m_PrefabAsset: {fileID: 0}
  serializedVersion: 6
  m_Component:
  - component: {fileID: 4846977397133040}
  m_Layer: 10
  m_Name: Weak2
  m_TagString: Untagged
  m_Icon: {fileID: 0}
  m_NavMeshLayer: 0
  m_StaticEditorFlags: 0
  m_IsActive: 1
--- !u!4 &4846977397133040
Transform:
  m_ObjectHideFlags: 0
  m_CorrespondingSourceObject: {fileID: 0}
  m_PrefabInstance: {fileID: 0}
  m_PrefabAsset: {fileID: 0}
  m_GameObject: {fileID: 1448656943790400}
  m_LocalRotation: {x: 0.00000008146034, y: 0, z: 0, w: 1}
  m_LocalPosition: {x: 0, y: 0, z: 0.42}
  m_LocalScale: {x: 1, y: 1, z: 1}
  m_Children: []
  m_Father: {fileID: 4695463183647846}
  m_RootOrder: 12
  m_LocalEulerAnglesHint: {x: 0.000009334668, y: 0, z: 0}
--- !u!1 &1470442709791439
GameObject:
  m_ObjectHideFlags: 0
  m_CorrespondingSourceObject: {fileID: 0}
  m_PrefabInstance: {fileID: 0}
  m_PrefabAsset: {fileID: 0}
  serializedVersion: 6
  m_Component:
  - component: {fileID: 4109834913381365}
  m_Layer: 10
  m_Name: Face
  m_TagString: Untagged
  m_Icon: {fileID: 0}
  m_NavMeshLayer: 0
  m_StaticEditorFlags: 0
  m_IsActive: 1
--- !u!4 &4109834913381365
Transform:
  m_ObjectHideFlags: 0
  m_CorrespondingSourceObject: {fileID: 0}
  m_PrefabInstance: {fileID: 0}
  m_PrefabAsset: {fileID: 0}
  m_GameObject: {fileID: 1470442709791439}
  m_LocalRotation: {x: 0, y: 0, z: 0, w: 1}
  m_LocalPosition: {x: 0, y: 0, z: 2}
  m_LocalScale: {x: 1, y: 1, z: 1}
  m_Children: []
  m_Father: {fileID: 4695463183647846}
  m_RootOrder: 8
  m_LocalEulerAnglesHint: {x: 0, y: 0, z: 0}
--- !u!1 &1481308416890771
GameObject:
  m_ObjectHideFlags: 0
  m_CorrespondingSourceObject: {fileID: 0}
  m_PrefabInstance: {fileID: 0}
  m_PrefabAsset: {fileID: 0}
  serializedVersion: 6
  m_Component:
  - component: {fileID: 4068762848469113}
  m_Layer: 0
  m_Name: Bip001
  m_TagString: Untagged
  m_Icon: {fileID: 0}
  m_NavMeshLayer: 0
  m_StaticEditorFlags: 0
  m_IsActive: 1
--- !u!4 &4068762848469113
Transform:
  m_ObjectHideFlags: 0
  m_CorrespondingSourceObject: {fileID: 0}
  m_PrefabInstance: {fileID: 0}
  m_PrefabAsset: {fileID: 0}
  m_GameObject: {fileID: 1481308416890771}
  m_LocalRotation: {x: -0.5000004, y: 0.4999996, z: 0.4999996, w: 0.5000004}
  m_LocalPosition: {x: 0, y: 0.8025602, z: -0.000000001218667}
  m_LocalScale: {x: 0.9999999, y: 0.9999999, z: 1}
  m_Children:
  - {fileID: 4596810092048990}
  m_Father: {fileID: 4695463183647846}
  m_RootOrder: 0
  m_LocalEulerAnglesHint: {x: -90, y: -89.99991, z: 0}
--- !u!1 &1496811325032062
GameObject:
  m_ObjectHideFlags: 0
  m_CorrespondingSourceObject: {fileID: 0}
  m_PrefabInstance: {fileID: 0}
  m_PrefabAsset: {fileID: 0}
  serializedVersion: 6
  m_Component:
  - component: {fileID: 4691657396662134}
  m_Layer: 0
  m_Name: Bip001 R Finger2
  m_TagString: Untagged
  m_Icon: {fileID: 0}
  m_NavMeshLayer: 0
  m_StaticEditorFlags: 0
  m_IsActive: 1
--- !u!4 &4691657396662134
Transform:
  m_ObjectHideFlags: 0
  m_CorrespondingSourceObject: {fileID: 0}
  m_PrefabInstance: {fileID: 0}
  m_PrefabAsset: {fileID: 0}
  m_GameObject: {fileID: 1496811325032062}
  m_LocalRotation: {x: 0.00005616099, y: -0.02461268, z: -0.07969146, w: 0.9965157}
  m_LocalPosition: {x: -0.3482187, y: 0.0161109, z: 0.02335012}
  m_LocalScale: {x: 1, y: 1, z: 0.9999999}
  m_Children:
  - {fileID: 4878661245935942}
  m_Father: {fileID: 4857562205736591}
  m_RootOrder: 2
  m_LocalEulerAnglesHint: {x: 0.2314546, y: 2.811193, z: 9.150118}
--- !u!1 &1507040288280052
GameObject:
  m_ObjectHideFlags: 0
  m_CorrespondingSourceObject: {fileID: 0}
  m_PrefabInstance: {fileID: 0}
  m_PrefabAsset: {fileID: 0}
  serializedVersion: 6
  m_Component:
  - component: {fileID: 4359470599465505}
  m_Layer: 0
  m_Name: bone02
  m_TagString: Untagged
  m_Icon: {fileID: 0}
  m_NavMeshLayer: 0
  m_StaticEditorFlags: 0
  m_IsActive: 1
--- !u!4 &4359470599465505
Transform:
  m_ObjectHideFlags: 0
  m_CorrespondingSourceObject: {fileID: 0}
  m_PrefabInstance: {fileID: 0}
  m_PrefabAsset: {fileID: 0}
  m_GameObject: {fileID: 1507040288280052}
  m_LocalRotation: {x: 0.003056654, y: -0.6058693, z: -0.07537267, w: 0.7919798}
  m_LocalPosition: {x: -1.096648, y: -2.910383e-11, z: -3.352909e-10}
  m_LocalScale: {x: 1, y: 1, z: 1}
  m_Children: []
  m_Father: {fileID: 4454109836039959}
  m_RootOrder: 0
  m_LocalEulerAnglesHint: {x: 19.88968, y: 73.57926, z: 25.81266}
--- !u!1 &1517625681964917
GameObject:
  m_ObjectHideFlags: 0
  m_CorrespondingSourceObject: {fileID: 0}
  m_PrefabInstance: {fileID: 0}
  m_PrefabAsset: {fileID: 0}
  serializedVersion: 6
  m_Component:
  - component: {fileID: 4363629019748978}
  m_Layer: 0
  m_Name: RightWeapon02
  m_TagString: Untagged
  m_Icon: {fileID: 0}
  m_NavMeshLayer: 0
  m_StaticEditorFlags: 0
  m_IsActive: 1
--- !u!4 &4363629019748978
Transform:
  m_ObjectHideFlags: 0
  m_CorrespondingSourceObject: {fileID: 0}
  m_PrefabInstance: {fileID: 0}
  m_PrefabAsset: {fileID: 0}
  m_GameObject: {fileID: 1517625681964917}
  m_LocalRotation: {x: -0.000003576279, y: 0, z: 0, w: 1}
  m_LocalPosition: {x: -3.365958, y: -0.00000001608326, z: 0}
  m_LocalScale: {x: 1, y: 1, z: 1}
  m_Children: []
  m_Father: {fileID: 4983167880574391}
  m_RootOrder: 0
  m_LocalEulerAnglesHint: {x: -0.0004098114, y: 0, z: 0}
--- !u!1 &1535193040149929
GameObject:
  m_ObjectHideFlags: 0
  m_CorrespondingSourceObject: {fileID: 0}
  m_PrefabInstance: {fileID: 0}
  m_PrefabAsset: {fileID: 0}
  serializedVersion: 6
  m_Component:
  - component: {fileID: 4525912327417349}
  m_Layer: 0
  m_Name: Bip001 L Toe0
  m_TagString: Untagged
  m_Icon: {fileID: 0}
  m_NavMeshLayer: 0
  m_StaticEditorFlags: 0
  m_IsActive: 1
--- !u!4 &4525912327417349
Transform:
  m_ObjectHideFlags: 0
  m_CorrespondingSourceObject: {fileID: 0}
  m_PrefabInstance: {fileID: 0}
  m_PrefabAsset: {fileID: 0}
  m_GameObject: {fileID: 1535193040149929}
  m_LocalRotation: {x: -0.08005612, y: -0.08002766, z: -0.702683, w: 0.7024409}
  m_LocalPosition: {x: -0.3595914, y: 0.4748384, z: 0}
  m_LocalScale: {x: 1, y: 0.9999999, z: 1}
  m_Children:
  - {fileID: 4830787313130106}
  m_Father: {fileID: 4605054694314365}
  m_RootOrder: 0
  m_LocalEulerAnglesHint: {x: -0.0000713272, y: 12.99921, z: 90.01974}
--- !u!1 &1542667886732313
GameObject:
  m_ObjectHideFlags: 0
  m_CorrespondingSourceObject: {fileID: 0}
  m_PrefabInstance: {fileID: 0}
  m_PrefabAsset: {fileID: 0}
  serializedVersion: 6
  m_Component:
  - component: {fileID: 4918621689073789}
  m_Layer: 0
  m_Name: Bip001 Spine1
  m_TagString: Untagged
  m_Icon: {fileID: 0}
  m_NavMeshLayer: 0
  m_StaticEditorFlags: 0
  m_IsActive: 1
--- !u!4 &4918621689073789
Transform:
  m_ObjectHideFlags: 0
  m_CorrespondingSourceObject: {fileID: 0}
  m_PrefabInstance: {fileID: 0}
  m_PrefabAsset: {fileID: 0}
  m_GameObject: {fileID: 1542667886732313}
  m_LocalRotation: {x: 0.000000004659197, y: -0.00000000325592, z: 4.656613e-10, w: 1}
  m_LocalPosition: {x: -0.4289122, y: -0.001051735, z: -0.000000002926892}
  m_LocalScale: {x: 1, y: 1, z: 1}
  m_Children:
  - {fileID: 4697331750286133}
  - {fileID: 4454109836039959}
  - {fileID: 4642412383182645}
  - {fileID: 4703943417175305}
  m_Father: {fileID: 4410974172561191}
  m_RootOrder: 2
  m_LocalEulerAnglesHint: {x: 0.0000005339047, y: 0.000000373101, z: -0.00000005336085}
--- !u!1 &1547823129107713
GameObject:
  m_ObjectHideFlags: 0
  m_CorrespondingSourceObject: {fileID: 0}
  m_PrefabInstance: {fileID: 0}
  m_PrefabAsset: {fileID: 0}
  serializedVersion: 6
  m_Component:
  - component: {fileID: 4974181366803210}
  m_Layer: 0
  m_Name: Bip001 L Clavicle
  m_TagString: Untagged
  m_Icon: {fileID: 0}
  m_NavMeshLayer: 0
  m_StaticEditorFlags: 0
  m_IsActive: 1
--- !u!4 &4974181366803210
Transform:
  m_ObjectHideFlags: 0
  m_CorrespondingSourceObject: {fileID: 0}
  m_PrefabInstance: {fileID: 0}
  m_PrefabAsset: {fileID: 0}
  m_GameObject: {fileID: 1547823129107713}
  m_LocalRotation: {x: -0.5643488, y: 0.02243088, z: 0.8245805, w: 0.03277663}
  m_LocalPosition: {x: 1.154424, y: -0.04838845, z: 1.091001}
  m_LocalScale: {x: 1, y: 1, z: 1}
  m_Children:
  - {fileID: 4644770735345775}
  m_Father: {fileID: 4697331750286133}
  m_RootOrder: 1
  m_LocalEulerAnglesHint: {x: -0.0004393868, y: -68.77603, z: -175.4471}
--- !u!1 &1557745563522434
GameObject:
  m_ObjectHideFlags: 0
  m_CorrespondingSourceObject: {fileID: 0}
  m_PrefabInstance: {fileID: 0}
  m_PrefabAsset: {fileID: 0}
  serializedVersion: 6
  m_Component:
  - component: {fileID: 4672910586969519}
  m_Layer: 0
  m_Name: RightFoot
  m_TagString: Untagged
  m_Icon: {fileID: 0}
  m_NavMeshLayer: 0
  m_StaticEditorFlags: 0
  m_IsActive: 1
--- !u!4 &4672910586969519
Transform:
  m_ObjectHideFlags: 0
  m_CorrespondingSourceObject: {fileID: 0}
  m_PrefabInstance: {fileID: 0}
  m_PrefabAsset: {fileID: 0}
  m_GameObject: {fileID: 1557745563522434}
  m_LocalRotation: {x: -6.123234e-17, y: -6.123234e-17, z: -6.123234e-17, w: 1}
  m_LocalPosition: {x: -0.07646501, y: 0.1676177, z: -0.0000001341105}
  m_LocalScale: {x: 1, y: 1, z: 1}
  m_Children: []
  m_Father: {fileID: 4187592170043969}
  m_RootOrder: 1
  m_LocalEulerAnglesHint: {x: -7.01671e-15, y: 7.01671e-15, z: 7.01671e-15}
--- !u!1 &1562010329575495
GameObject:
  m_ObjectHideFlags: 0
  m_CorrespondingSourceObject: {fileID: 0}
  m_PrefabInstance: {fileID: 0}
  m_PrefabAsset: {fileID: 0}
  serializedVersion: 6
  m_Component:
  - component: {fileID: 4187592170043969}
  m_Layer: 0
  m_Name: Bip001 R Foot
  m_TagString: Untagged
  m_Icon: {fileID: 0}
  m_NavMeshLayer: 0
  m_StaticEditorFlags: 0
  m_IsActive: 1
--- !u!4 &4187592170043969
Transform:
  m_ObjectHideFlags: 0
  m_CorrespondingSourceObject: {fileID: 0}
  m_PrefabInstance: {fileID: 0}
  m_PrefabAsset: {fileID: 0}
  m_GameObject: {fileID: 1562010329575495}
  m_LocalRotation: {x: 0.1332078, y: -0.1349094, z: -0.08878235, w: 0.9778409}
  m_LocalPosition: {x: -0.2703327, y: 0.000000007450581, z: 0}
  m_LocalScale: {x: 1, y: 1, z: 1}
  m_Children:
  - {fileID: 4896499207571265}
  - {fileID: 4672910586969519}
  m_Father: {fileID: 4444253485778890}
  m_RootOrder: 0
  m_LocalEulerAnglesHint: {x: 17.04038, y: 13.89757, z: 12.46786}
--- !u!1 &1563666188450261
GameObject:
  m_ObjectHideFlags: 0
  m_CorrespondingSourceObject: {fileID: 0}
  m_PrefabInstance: {fileID: 0}
  m_PrefabAsset: {fileID: 0}
  serializedVersion: 6
  m_Component:
  - component: {fileID: 4651908445735779}
  m_Layer: 0
  m_Name: Bip001 R Toe0Nub
  m_TagString: Untagged
  m_Icon: {fileID: 0}
  m_NavMeshLayer: 0
  m_StaticEditorFlags: 0
  m_IsActive: 1
--- !u!4 &4651908445735779
Transform:
  m_ObjectHideFlags: 0
  m_CorrespondingSourceObject: {fileID: 0}
  m_PrefabInstance: {fileID: 0}
  m_PrefabAsset: {fileID: 0}
  m_GameObject: {fileID: 1563666188450261}
  m_LocalRotation: {x: -4.229021e-20, y: 0.000000002906161, z: 1.455192e-11, w: 1}
  m_LocalPosition: {x: -0.05273819, y: 0, z: 0}
  m_LocalScale: {x: 1, y: 1, z: 1}
  m_Children: []
  m_Father: {fileID: 4896499207571265}
  m_RootOrder: 0
  m_LocalEulerAnglesHint: {x: -3.702653e-25, y: -0.0000003330215, z: -0.000000001667527}
--- !u!1 &1566682910583928
GameObject:
  m_ObjectHideFlags: 0
  m_CorrespondingSourceObject: {fileID: 0}
  m_PrefabInstance: {fileID: 0}
  m_PrefabAsset: {fileID: 0}
  serializedVersion: 6
  m_Component:
  - component: {fileID: 4896499207571265}
  m_Layer: 0
  m_Name: Bip001 R Toe0
  m_TagString: Untagged
  m_Icon: {fileID: 0}
  m_NavMeshLayer: 0
  m_StaticEditorFlags: 0
  m_IsActive: 1
--- !u!4 &4896499207571265
Transform:
  m_ObjectHideFlags: 0
  m_CorrespondingSourceObject: {fileID: 0}
  m_PrefabInstance: {fileID: 0}
  m_PrefabAsset: {fileID: 0}
  m_GameObject: {fileID: 1566682910583928}
  m_LocalRotation: {x: -0.02470969, y: -0.02481317, z: -0.7068154, w: 0.7065308}
  m_LocalPosition: {x: -0.3595914, y: 0.4748384, z: 0.00000005960464}
  m_LocalScale: {x: 0.9999999, y: 0.9999999, z: 0.9999999}
  m_Children:
  - {fileID: 4651908445735779}
  m_Father: {fileID: 4187592170043969}
  m_RootOrder: 0
  m_LocalEulerAnglesHint: {x: 0.009209933, y: 4.01358, z: 90.0234}
--- !u!1 &1572053460255176
GameObject:
  m_ObjectHideFlags: 0
  m_CorrespondingSourceObject: {fileID: 0}
  m_PrefabInstance: {fileID: 0}
  m_PrefabAsset: {fileID: 0}
  serializedVersion: 6
  m_Component:
  - component: {fileID: 4773183553206862}
  m_Layer: 0
  m_Name: Bip001 R Finger3
  m_TagString: Untagged
  m_Icon: {fileID: 0}
  m_NavMeshLayer: 0
  m_StaticEditorFlags: 0
  m_IsActive: 1
--- !u!4 &4773183553206862
Transform:
  m_ObjectHideFlags: 0
  m_CorrespondingSourceObject: {fileID: 0}
  m_PrefabInstance: {fileID: 0}
  m_PrefabAsset: {fileID: 0}
  m_GameObject: {fileID: 1572053460255176}
  m_LocalRotation: {x: 0.12458, y: -0.1136018, z: -0.07024377, w: 0.9831787}
  m_LocalPosition: {x: -0.3346924, y: 0.01124287, z: -0.06865196}
  m_LocalScale: {x: 0.9999999, y: 0.9999999, z: 0.9999999}
  m_Children:
  - {fileID: 4075865420139722}
  m_Father: {fileID: 4857562205736591}
  m_RootOrder: 3
  m_LocalEulerAnglesHint: {x: 15.46446, y: 11.88101, z: 9.792052}
--- !u!1 &1585474523512093
GameObject:
  m_ObjectHideFlags: 0
  m_CorrespondingSourceObject: {fileID: 0}
  m_PrefabInstance: {fileID: 0}
  m_PrefabAsset: {fileID: 0}
  serializedVersion: 6
  m_Component:
  - component: {fileID: 4880558715143871}
  m_Layer: 0
  m_Name: Bip001 L Finger21
  m_TagString: Untagged
  m_Icon: {fileID: 0}
  m_NavMeshLayer: 0
  m_StaticEditorFlags: 0
  m_IsActive: 1
--- !u!4 &4880558715143871
Transform:
  m_ObjectHideFlags: 0
  m_CorrespondingSourceObject: {fileID: 0}
  m_PrefabInstance: {fileID: 0}
  m_PrefabAsset: {fileID: 0}
  m_GameObject: {fileID: 1585474523512093}
  m_LocalRotation: {x: -0.000000003775153, y: 0.000000004146093, z: -0.1053544, w: 0.9944348}
  m_LocalPosition: {x: -0.140063, y: -0.0000002384186, z: -0.00000004470348}
  m_LocalScale: {x: 1, y: 0.9999999, z: 1}
  m_Children:
  - {fileID: 4516220095494651}
  m_Father: {fileID: 4895046528510732}
  m_RootOrder: 0
  m_LocalEulerAnglesHint: {x: -0.0000004802477, y: -0.0000004268868, z: 12.09517}
--- !u!1 &1599639461518520
GameObject:
  m_ObjectHideFlags: 0
  m_CorrespondingSourceObject: {fileID: 0}
  m_PrefabInstance: {fileID: 0}
  m_PrefabAsset: {fileID: 0}
  serializedVersion: 6
  m_Component:
  - component: {fileID: 4178044209666683}
  m_Layer: 0
  m_Name: Bip001 L Finger41
  m_TagString: Untagged
  m_Icon: {fileID: 0}
  m_NavMeshLayer: 0
  m_StaticEditorFlags: 0
  m_IsActive: 1
--- !u!4 &4178044209666683
Transform:
  m_ObjectHideFlags: 0
  m_CorrespondingSourceObject: {fileID: 0}
  m_PrefabInstance: {fileID: 0}
  m_PrefabAsset: {fileID: 0}
  m_GameObject: {fileID: 1599639461518520}
  m_LocalRotation: {x: 0.001298398, y: 0.01103044, z: -0.05521616, w: 0.9984127}
  m_LocalPosition: {x: -0.1122705, y: 0, z: 0.0000001192093}
  m_LocalScale: {x: 1, y: 1, z: 0.9999999}
  m_Children:
  - {fileID: 4505707804801077}
  m_Father: {fileID: 4223529970582962}
  m_RootOrder: 0
  m_LocalEulerAnglesHint: {x: 0.07877573, y: -1.270308, z: 6.330043}
--- !u!1 &1600735058333915
GameObject:
  m_ObjectHideFlags: 0
  m_CorrespondingSourceObject: {fileID: 0}
  m_PrefabInstance: {fileID: 0}
  m_PrefabAsset: {fileID: 0}
  serializedVersion: 6
  m_Component:
  - component: {fileID: 4454109836039959}
  m_Layer: 0
  m_Name: bone01
  m_TagString: Untagged
  m_Icon: {fileID: 0}
  m_NavMeshLayer: 0
  m_StaticEditorFlags: 0
  m_IsActive: 1
--- !u!4 &4454109836039959
Transform:
  m_ObjectHideFlags: 0
  m_CorrespondingSourceObject: {fileID: 0}
  m_PrefabInstance: {fileID: 0}
  m_PrefabAsset: {fileID: 0}
  m_GameObject: {fileID: 1600735058333915}
  m_LocalRotation: {x: -0.4929712, y: 0.4858434, z: 0.5066249, w: 0.5140689}
  m_LocalPosition: {x: -0.9128572, y: 0.8373221, z: 2.153001}
  m_LocalScale: {x: 1, y: 0.9999999, z: 1}
  m_Children:
  - {fileID: 4359470599465505}
  - {fileID: 4586447935726715}
  m_Father: {fileID: 4918621689073789}
  m_RootOrder: 1
  m_LocalEulerAnglesHint: {x: -19.17615, y: -87.45918, z: -70.80576}
--- !u!1 &1613799406573614
GameObject:
  m_ObjectHideFlags: 0
  m_CorrespondingSourceObject: {fileID: 0}
  m_PrefabInstance: {fileID: 0}
  m_PrefabAsset: {fileID: 0}
  serializedVersion: 6
  m_Component:
  - component: {fileID: 4403214773875152}
  m_Layer: 0
  m_Name: Bip001 R Finger4Nub
  m_TagString: Untagged
  m_Icon: {fileID: 0}
  m_NavMeshLayer: 0
  m_StaticEditorFlags: 0
  m_IsActive: 1
--- !u!4 &4403214773875152
Transform:
  m_ObjectHideFlags: 0
  m_CorrespondingSourceObject: {fileID: 0}
  m_PrefabInstance: {fileID: 0}
  m_PrefabAsset: {fileID: 0}
  m_GameObject: {fileID: 1613799406573614}
  m_LocalRotation: {x: 9.12433e-25, y: 0.00000001490116, z: 1, w: 6.123234e-17}
  m_LocalPosition: {x: -0.1316792, y: -0.0000001192093, z: 0.0000001192093}
  m_LocalScale: {x: -1, y: -1, z: -1}
  m_Children: []
  m_Father: {fileID: 4761346548195407}
  m_RootOrder: 0
  m_LocalEulerAnglesHint: {x: 0.000001707547, y: 0, z: -180}
--- !u!1 &1631274964467391
GameObject:
  m_ObjectHideFlags: 0
  m_CorrespondingSourceObject: {fileID: 0}
  m_PrefabInstance: {fileID: 0}
  m_PrefabAsset: {fileID: 0}
  serializedVersion: 6
  m_Component:
  - component: {fileID: 4505707804801077}
  m_Layer: 0
  m_Name: Bip001 L Finger4Nub
  m_TagString: Untagged
  m_Icon: {fileID: 0}
  m_NavMeshLayer: 0
  m_StaticEditorFlags: 0
  m_IsActive: 1
--- !u!4 &4505707804801077
Transform:
  m_ObjectHideFlags: 0
  m_CorrespondingSourceObject: {fileID: 0}
  m_PrefabInstance: {fileID: 0}
  m_PrefabAsset: {fileID: 0}
  m_GameObject: {fileID: 1631274964467391}
  m_LocalRotation: {x: -3.330669e-16, y: 0.00000002235174, z: 0.00000001490116, w: 1}
  m_LocalPosition: {x: -0.1316793, y: -0.0000001192093, z: -0.0000001192093}
  m_LocalScale: {x: 1, y: 1, z: 0.9999999}
  m_Children: []
  m_Father: {fileID: 4178044209666683}
  m_RootOrder: 0
  m_LocalEulerAnglesHint: {x: -3.033213e-21, y: -0.000002561321, z: -0.000001707547}
--- !u!1 &1633728023048389
GameObject:
  m_ObjectHideFlags: 0
  m_CorrespondingSourceObject: {fileID: 0}
  m_PrefabInstance: {fileID: 0}
  m_PrefabAsset: {fileID: 0}
  serializedVersion: 6
  m_Component:
  - component: {fileID: 4768174044537261}
  m_Layer: 0
  m_Name: Bip001 L Finger3Nub
  m_TagString: Untagged
  m_Icon: {fileID: 0}
  m_NavMeshLayer: 0
  m_StaticEditorFlags: 0
  m_IsActive: 1
--- !u!4 &4768174044537261
Transform:
  m_ObjectHideFlags: 0
  m_CorrespondingSourceObject: {fileID: 0}
  m_PrefabInstance: {fileID: 0}
  m_PrefabAsset: {fileID: 0}
  m_GameObject: {fileID: 1633728023048389}
  m_LocalRotation: {x: 0, y: 0, z: -0.00000002980232, w: 1}
  m_LocalPosition: {x: -0.1687133, y: 0.0000002384186, z: 0.00000005960464}
  m_LocalScale: {x: 1, y: 1, z: 1}
  m_Children: []
  m_Father: {fileID: 4146769452795121}
  m_RootOrder: 0
  m_LocalEulerAnglesHint: {x: 0, y: 0, z: 0.000003415095}
--- !u!1 &1662256509825880
GameObject:
  m_ObjectHideFlags: 0
  m_CorrespondingSourceObject: {fileID: 0}
  m_PrefabInstance: {fileID: 0}
  m_PrefabAsset: {fileID: 0}
  serializedVersion: 6
  m_Component:
  - component: {fileID: 4396130155207371}
  m_Layer: 0
  m_Name: Bip001 L Hand
  m_TagString: Untagged
  m_Icon: {fileID: 0}
  m_NavMeshLayer: 0
  m_StaticEditorFlags: 0
  m_IsActive: 1
--- !u!4 &4396130155207371
Transform:
  m_ObjectHideFlags: 0
  m_CorrespondingSourceObject: {fileID: 0}
  m_PrefabInstance: {fileID: 0}
  m_PrefabAsset: {fileID: 0}
  m_GameObject: {fileID: 1662256509825880}
  m_LocalRotation: {x: -0.7585155, y: -0.04032718, z: -0.05033154, w: 0.6484556}
  m_LocalPosition: {x: -0.4678586, y: 0, z: -0.0000001192093}
  m_LocalScale: {x: 1, y: 1, z: 1}
  m_Children:
  - {fileID: 4275950954408672}
  - {fileID: 4859923866868896}
  - {fileID: 4895046528510732}
  - {fileID: 4865790668488903}
  - {fileID: 4223529970582962}
  - {fileID: 4033024594849662}
  m_Father: {fileID: 4343568588082420}
  m_RootOrder: 0
  m_LocalEulerAnglesHint: {x: -98.93037, y: 7.391893, z: 0.2367644}
--- !u!1 &1667966569234410
GameObject:
  m_ObjectHideFlags: 0
  m_CorrespondingSourceObject: {fileID: 0}
  m_PrefabInstance: {fileID: 0}
  m_PrefabAsset: {fileID: 0}
  serializedVersion: 6
  m_Component:
  - component: {fileID: 4786347417948589}
  m_Layer: 0
  m_Name: Bip001 R Finger0Nub
  m_TagString: Untagged
  m_Icon: {fileID: 0}
  m_NavMeshLayer: 0
  m_StaticEditorFlags: 0
  m_IsActive: 1
--- !u!4 &4786347417948589
Transform:
  m_ObjectHideFlags: 0
  m_CorrespondingSourceObject: {fileID: 0}
  m_PrefabInstance: {fileID: 0}
  m_PrefabAsset: {fileID: 0}
  m_GameObject: {fileID: 1667966569234410}
  m_LocalRotation: {x: -4.562165e-25, y: -0.000000007450581, z: 1, w: 6.123234e-17}
  m_LocalPosition: {x: -0.1712565, y: 0.00000005960464, z: 0}
  m_LocalScale: {x: -1, y: -1, z: -1}
  m_Children: []
  m_Father: {fileID: 4751239652164653}
  m_RootOrder: 0
  m_LocalEulerAnglesHint: {x: -0.0000008537737, y: 0, z: -180}
--- !u!1 &1668125245444172
GameObject:
  m_ObjectHideFlags: 0
  m_CorrespondingSourceObject: {fileID: 0}
  m_PrefabInstance: {fileID: 0}
  m_PrefabAsset: {fileID: 0}
  serializedVersion: 6
  m_Component:
  - component: {fileID: 4642412383182645}
  m_Layer: 0
  m_Name: bone08
  m_TagString: Untagged
  m_Icon: {fileID: 0}
  m_NavMeshLayer: 0
  m_StaticEditorFlags: 0
  m_IsActive: 1
--- !u!4 &4642412383182645
Transform:
  m_ObjectHideFlags: 0
  m_CorrespondingSourceObject: {fileID: 0}
  m_PrefabInstance: {fileID: 0}
  m_PrefabAsset: {fileID: 0}
  m_GameObject: {fileID: 1668125245444172}
  m_LocalRotation: {x: -0.1746406, y: 0.6852008, z: 0.6852016, w: -0.1746403}
  m_LocalPosition: {x: -0.5646872, y: 0.8550652, z: -0.0009411366}
  m_LocalScale: {x: 1.000001, y: 1, z: 1}
  m_Children: []
  m_Father: {fileID: 4918621689073789}
  m_RootOrder: 2
  m_LocalEulerAnglesHint: {x: 89.99994, y: -0.0000447799, z: 151.4024}
--- !u!1 &1683996823909189
GameObject:
  m_ObjectHideFlags: 0
  m_CorrespondingSourceObject: {fileID: 0}
  m_PrefabInstance: {fileID: 0}
  m_PrefabAsset: {fileID: 0}
  serializedVersion: 6
  m_Component:
  - component: {fileID: 4033024594849662}
  m_Layer: 0
  m_Name: LeftWeapon
  m_TagString: Untagged
  m_Icon: {fileID: 0}
  m_NavMeshLayer: 0
  m_StaticEditorFlags: 0
  m_IsActive: 1
--- !u!4 &4033024594849662
Transform:
  m_ObjectHideFlags: 0
  m_CorrespondingSourceObject: {fileID: 0}
  m_PrefabInstance: {fileID: 0}
  m_PrefabAsset: {fileID: 0}
  m_GameObject: {fileID: 1683996823909189}
  m_LocalRotation: {x: -1.260443e-15, y: -0.00000003818421, z: -0.00000002980233,
    w: 1}
  m_LocalPosition: {x: -0.1639705, y: 0.00000008973662, z: -0.0000002362255}
  m_LocalScale: {x: 1, y: 1, z: 1}
  m_Children: []
  m_Father: {fileID: 4396130155207371}
  m_RootOrder: 5
  m_LocalEulerAnglesHint: {x: -1.403341e-14, y: 0.000004375589, z: 0.000003415095}
--- !u!1 &1689376468149694
GameObject:
  m_ObjectHideFlags: 0
  m_CorrespondingSourceObject: {fileID: 0}
  m_PrefabInstance: {fileID: 0}
  m_PrefabAsset: {fileID: 0}
  serializedVersion: 6
  m_Component:
  - component: {fileID: 4223529970582962}
  m_Layer: 0
  m_Name: Bip001 L Finger4
  m_TagString: Untagged
  m_Icon: {fileID: 0}
  m_NavMeshLayer: 0
  m_StaticEditorFlags: 0
  m_IsActive: 1
--- !u!4 &4223529970582962
Transform:
  m_ObjectHideFlags: 0
  m_CorrespondingSourceObject: {fileID: 0}
  m_PrefabInstance: {fileID: 0}
  m_PrefabAsset: {fileID: 0}
  m_GameObject: {fileID: 1689376468149694}
  m_LocalRotation: {x: -0.289227, y: 0.2010338, z: -0.1520101, w: 0.9234859}
  m_LocalPosition: {x: -0.3089014, y: 0.0219121, z: 0.1519231}
  m_LocalScale: {x: 0.9999999, y: 1, z: 1}
  m_Children:
  - {fileID: 4178044209666683}
  m_Father: {fileID: 4396130155207371}
  m_RootOrder: 4
  m_LocalEulerAnglesHint: {x: -38.37146, y: -16.46161, z: 24.45748}
--- !u!1 &1693025256306744
GameObject:
  m_ObjectHideFlags: 0
  m_CorrespondingSourceObject: {fileID: 0}
  m_PrefabInstance: {fileID: 0}
  m_PrefabAsset: {fileID: 0}
  serializedVersion: 6
  m_Component:
  - component: {fileID: 4098404762526984}
  m_Layer: 0
  m_Name: Bip001 R Finger0
  m_TagString: Untagged
  m_Icon: {fileID: 0}
  m_NavMeshLayer: 0
  m_StaticEditorFlags: 0
  m_IsActive: 1
--- !u!4 &4098404762526984
Transform:
  m_ObjectHideFlags: 0
  m_CorrespondingSourceObject: {fileID: 0}
  m_PrefabInstance: {fileID: 0}
  m_PrefabAsset: {fileID: 0}
  m_GameObject: {fileID: 1693025256306744}
  m_LocalRotation: {x: -0.686161, y: 0.3662068, z: 0.1031776, w: 0.6200242}
  m_LocalPosition: {x: -0.08495867, y: 0.0452261, z: 0.1671111}
  m_LocalScale: {x: 0.9999999, y: 0.9999999, z: 0.9999999}
  m_Children:
  - {fileID: 4751239652164653}
  m_Father: {fileID: 4857562205736591}
  m_RootOrder: 0
  m_LocalEulerAnglesHint: {x: -105.1452, y: -36.56305, z: 27.80047}
--- !u!1 &1708641541510255
GameObject:
  m_ObjectHideFlags: 0
  m_CorrespondingSourceObject: {fileID: 0}
  m_PrefabInstance: {fileID: 0}
  m_PrefabAsset: {fileID: 0}
  serializedVersion: 6
  m_Component:
  - component: {fileID: 4695463183647846}
  - component: {fileID: 95878616031829773}
  m_Layer: 10
  m_Name: model1600
  m_TagString: Untagged
  m_Icon: {fileID: 0}
  m_NavMeshLayer: 0
  m_StaticEditorFlags: 0
  m_IsActive: 1
--- !u!4 &4695463183647846
Transform:
  m_ObjectHideFlags: 0
  m_CorrespondingSourceObject: {fileID: 0}
  m_PrefabInstance: {fileID: 0}
  m_PrefabAsset: {fileID: 0}
  m_GameObject: {fileID: 1708641541510255}
  m_LocalRotation: {x: 0, y: 0, z: 0, w: 1}
  m_LocalPosition: {x: 0, y: 0, z: 0}
  m_LocalScale: {x: 1, y: 1, z: 1}
  m_Children:
  - {fileID: 4068762848469113}
  - {fileID: 4313459428517248}
  - {fileID: 4264375567368977}
  - {fileID: 4311235700808341}
  - {fileID: 4425370513144172}
  - {fileID: 4108940808341018}
  - {fileID: 4585964035570285}
  - {fileID: 4283301413771055}
  - {fileID: 4109834913381365}
  - {fileID: 4931071529851973}
  - {fileID: 4269082718694605}
  - {fileID: 4922661558318531}
  - {fileID: 4846977397133040}
  - {fileID: 4358435766936099}
  - {fileID: 7915005629734769933}
  m_Father: {fileID: 0}
  m_RootOrder: 0
  m_LocalEulerAnglesHint: {x: 0, y: 0, z: 0}
--- !u!95 &95878616031829773
Animator:
  serializedVersion: 3
  m_ObjectHideFlags: 0
  m_CorrespondingSourceObject: {fileID: 0}
  m_PrefabInstance: {fileID: 0}
  m_PrefabAsset: {fileID: 0}
  m_GameObject: {fileID: 1708641541510255}
  m_Enabled: 1
  m_Avatar: {fileID: 9000000, guid: ca2a27df47e3e2742b7ca02aa074fadd, type: 2}
  m_Controller: {fileID: 22100000, guid: 2bdb7bfbdd286544e915c6c809c4dea1, type: 2}
  m_CullingMode: 0
  m_UpdateMode: 0
  m_ApplyRootMotion: 0
  m_LinearVelocityBlending: 0
  m_WarningMessage: 
  m_HasTransformHierarchy: 1
  m_AllowConstantClipSamplingOptimization: 1
  m_KeepAnimatorControllerStateOnDisable: 0
--- !u!1 &1717344141446836
GameObject:
  m_ObjectHideFlags: 0
  m_CorrespondingSourceObject: {fileID: 0}
  m_PrefabInstance: {fileID: 0}
  m_PrefabAsset: {fileID: 0}
  serializedVersion: 6
  m_Component:
  - component: {fileID: 4761346548195407}
  m_Layer: 0
  m_Name: Bip001 R Finger41
  m_TagString: Untagged
  m_Icon: {fileID: 0}
  m_NavMeshLayer: 0
  m_StaticEditorFlags: 0
  m_IsActive: 1
--- !u!4 &4761346548195407
Transform:
  m_ObjectHideFlags: 0
  m_CorrespondingSourceObject: {fileID: 0}
  m_PrefabInstance: {fileID: 0}
  m_PrefabAsset: {fileID: 0}
  m_GameObject: {fileID: 1717344141446836}
  m_LocalRotation: {x: -0.001298384, y: -0.01103046, z: -0.05521613, w: 0.9984127}
  m_LocalPosition: {x: -0.1122706, y: 0.0000001192093, z: 0}
  m_LocalScale: {x: 1, y: 1, z: 0.9999999}
  m_Children:
  - {fileID: 4403214773875152}
  m_Father: {fileID: 4549940629895821}
  m_RootOrder: 0
  m_LocalEulerAnglesHint: {x: -0.07877403, y: 1.27031, z: 6.33004}
--- !u!1 &1722618106489114
GameObject:
  m_ObjectHideFlags: 0
  m_CorrespondingSourceObject: {fileID: 0}
  m_PrefabInstance: {fileID: 0}
  m_PrefabAsset: {fileID: 0}
  serializedVersion: 6
  m_Component:
  - component: {fileID: 4697331750286133}
  m_Layer: 0
  m_Name: Bip001 Neck
  m_TagString: Untagged
  m_Icon: {fileID: 0}
  m_NavMeshLayer: 0
  m_StaticEditorFlags: 0
  m_IsActive: 1
--- !u!4 &4697331750286133
Transform:
  m_ObjectHideFlags: 0
  m_CorrespondingSourceObject: {fileID: 0}
  m_PrefabInstance: {fileID: 0}
  m_PrefabAsset: {fileID: 0}
  m_GameObject: {fileID: 1722618106489114}
  m_LocalRotation: {x: -1.762202e-12, y: -0.0000001657784, z: 0.04011497, w: 0.9991951}
  m_LocalPosition: {x: -1.320778, y: -0.04340785, z: -0.00000006102442}
  m_LocalScale: {x: 1, y: 1, z: 1}
  m_Children:
  - {fileID: 4509200019104360}
  - {fileID: 4974181366803210}
  - {fileID: 4801565382307079}
  m_Father: {fileID: 4918621689073789}
  m_RootOrder: 0
  m_LocalEulerAnglesHint: {x: -0.000000762258, y: 0.0000189815, z: -4.598071}
--- !u!1 &1732759325508646
GameObject:
  m_ObjectHideFlags: 0
  m_CorrespondingSourceObject: {fileID: 0}
  m_PrefabInstance: {fileID: 0}
  m_PrefabAsset: {fileID: 0}
  serializedVersion: 6
  m_Component:
  - component: {fileID: 4606700080406783}
  m_Layer: 0
  m_Name: Bip001 R UpperArm
  m_TagString: Untagged
  m_Icon: {fileID: 0}
  m_NavMeshLayer: 0
  m_StaticEditorFlags: 0
  m_IsActive: 1
--- !u!4 &4606700080406783
Transform:
  m_ObjectHideFlags: 0
  m_CorrespondingSourceObject: {fileID: 0}
  m_PrefabInstance: {fileID: 0}
  m_PrefabAsset: {fileID: 0}
  m_GameObject: {fileID: 1732759325508646}
  m_LocalRotation: {x: -0.04671971, y: -0.006471941, z: -0.01510581, w: 0.9987729}
  m_LocalPosition: {x: -0.2093126, y: -1.136868e-13, z: -0.0000001192093}
  m_LocalScale: {x: 1, y: 1, z: 1}
  m_Children:
  - {fileID: 4670590786945171}
  m_Father: {fileID: 4801565382307079}
  m_RootOrder: 0
  m_LocalEulerAnglesHint: {x: -5.344207, y: 0.8216196, z: 1.694647}
--- !u!1 &1750507681617516
GameObject:
  m_ObjectHideFlags: 0
  m_CorrespondingSourceObject: {fileID: 0}
  m_PrefabInstance: {fileID: 0}
  m_PrefabAsset: {fileID: 0}
  serializedVersion: 6
  m_Component:
  - component: {fileID: 4984460885617388}
  m_Layer: 0
  m_Name: Bip001 R Finger3Nub
  m_TagString: Untagged
  m_Icon: {fileID: 0}
  m_NavMeshLayer: 0
  m_StaticEditorFlags: 0
  m_IsActive: 1
--- !u!4 &4984460885617388
Transform:
  m_ObjectHideFlags: 0
  m_CorrespondingSourceObject: {fileID: 0}
  m_PrefabInstance: {fileID: 0}
  m_PrefabAsset: {fileID: 0}
  m_GameObject: {fileID: 1750507681617516}
  m_LocalRotation: {x: 0.00000000372529, y: -2.281083e-25, z: 1, w: 6.123234e-17}
  m_LocalPosition: {x: -0.1687135, y: -0.0000002384186, z: 0}
  m_LocalScale: {x: -1, y: -1, z: -1}
  m_Children: []
  m_Father: {fileID: 4075865420139722}
  m_RootOrder: 0
  m_LocalEulerAnglesHint: {x: 0, y: 0.0000004268868, z: -180}
--- !u!1 &1751491102853051
GameObject:
  m_ObjectHideFlags: 0
  m_CorrespondingSourceObject: {fileID: 0}
  m_PrefabInstance: {fileID: 0}
  m_PrefabAsset: {fileID: 0}
  serializedVersion: 6
  m_Component:
  - component: {fileID: 4283301413771055}
  m_Layer: 10
  m_Name: Hp
  m_TagString: Untagged
  m_Icon: {fileID: 0}
  m_NavMeshLayer: 0
  m_StaticEditorFlags: 0
  m_IsActive: 1
--- !u!4 &4283301413771055
Transform:
  m_ObjectHideFlags: 0
  m_CorrespondingSourceObject: {fileID: 0}
  m_PrefabInstance: {fileID: 0}
  m_PrefabAsset: {fileID: 0}
  m_GameObject: {fileID: 1751491102853051}
  m_LocalRotation: {x: 0.00000008146034, y: 0, z: 0, w: 1}
  m_LocalPosition: {x: 0, y: 3.4, z: 0}
  m_LocalScale: {x: 1, y: 1, z: 1}
  m_Children: []
  m_Father: {fileID: 4695463183647846}
  m_RootOrder: 7
  m_LocalEulerAnglesHint: {x: 0.000009334668, y: 0, z: 0}
--- !u!1 &1756028201500989
GameObject:
  m_ObjectHideFlags: 0
  m_CorrespondingSourceObject: {fileID: 0}
  m_PrefabInstance: {fileID: 0}
  m_PrefabAsset: {fileID: 0}
  serializedVersion: 6
  m_Component:
  - component: {fileID: 4311235700808341}
  m_Layer: 0
  m_Name: Ground
  m_TagString: Untagged
  m_Icon: {fileID: 0}
  m_NavMeshLayer: 0
  m_StaticEditorFlags: 0
  m_IsActive: 1
--- !u!4 &4311235700808341
Transform:
  m_ObjectHideFlags: 0
  m_CorrespondingSourceObject: {fileID: 0}
  m_PrefabInstance: {fileID: 0}
  m_PrefabAsset: {fileID: 0}
  m_GameObject: {fileID: 1756028201500989}
  m_LocalRotation: {x: 0.00000006657903, y: 0, z: 0, w: 1}
  m_LocalPosition: {x: 0, y: 0, z: 0}
  m_LocalScale: {x: 1, y: 1, z: 1}
  m_Children: []
  m_Father: {fileID: 4695463183647846}
  m_RootOrder: 3
  m_LocalEulerAnglesHint: {x: 0.000007629395, y: 0, z: 0}
--- !u!1 &1789197792695240
GameObject:
  m_ObjectHideFlags: 0
  m_CorrespondingSourceObject: {fileID: 0}
  m_PrefabInstance: {fileID: 0}
  m_PrefabAsset: {fileID: 0}
  serializedVersion: 6
  m_Component:
  - component: {fileID: 4432907103422587}
  m_Layer: 0
  m_Name: Bip001 HeadNub
  m_TagString: Untagged
  m_Icon: {fileID: 0}
  m_NavMeshLayer: 0
  m_StaticEditorFlags: 0
  m_IsActive: 1
--- !u!4 &4432907103422587
Transform:
  m_ObjectHideFlags: 0
  m_CorrespondingSourceObject: {fileID: 0}
  m_PrefabInstance: {fileID: 0}
  m_PrefabAsset: {fileID: 0}
  m_GameObject: {fileID: 1789197792695240}
  m_LocalRotation: {x: -3.417625e-20, y: -3.388132e-21, z: -1.15793e-40, w: 1}
  m_LocalPosition: {x: -1.063289, y: 0.00000000372529, z: 0}
  m_LocalScale: {x: 1, y: 0.9999999, z: 0.9999999}
  m_Children: []
  m_Father: {fileID: 4509200019104360}
  m_RootOrder: 0
  m_LocalEulerAnglesHint: {x: -3.91631e-18, y: 3.882513e-19, z: -1.8e-44}
--- !u!1 &1790306762706839
GameObject:
  m_ObjectHideFlags: 0
  m_CorrespondingSourceObject: {fileID: 0}
  m_PrefabInstance: {fileID: 0}
  m_PrefabAsset: {fileID: 0}
  serializedVersion: 6
  m_Component:
  - component: {fileID: 4269082718694605}
  m_Layer: 10
  m_Name: Chest_in
  m_TagString: Untagged
  m_Icon: {fileID: 0}
  m_NavMeshLayer: 0
  m_StaticEditorFlags: 0
  m_IsActive: 1
--- !u!4 &4269082718694605
Transform:
  m_ObjectHideFlags: 0
  m_CorrespondingSourceObject: {fileID: 0}
  m_PrefabInstance: {fileID: 0}
  m_PrefabAsset: {fileID: 0}
  m_GameObject: {fileID: 1790306762706839}
  m_LocalRotation: {x: 0.00000008146034, y: 0, z: 0, w: 1}
  m_LocalPosition: {x: 0, y: 1.7, z: 0}
  m_LocalScale: {x: 1, y: 1, z: 1}
  m_Children: []
  m_Father: {fileID: 4695463183647846}
  m_RootOrder: 10
  m_LocalEulerAnglesHint: {x: 0.000009334668, y: 0, z: 0}
--- !u!1 &1806881933943626
GameObject:
  m_ObjectHideFlags: 0
  m_CorrespondingSourceObject: {fileID: 0}
  m_PrefabInstance: {fileID: 0}
  m_PrefabAsset: {fileID: 0}
  serializedVersion: 6
  m_Component:
  - component: {fileID: 4313459428517248}
  m_Layer: 0
  m_Name: bone10
  m_TagString: Untagged
  m_Icon: {fileID: 0}
  m_NavMeshLayer: 0
  m_StaticEditorFlags: 0
  m_IsActive: 1
--- !u!4 &4313459428517248
Transform:
  m_ObjectHideFlags: 0
  m_CorrespondingSourceObject: {fileID: 0}
  m_PrefabInstance: {fileID: 0}
  m_PrefabAsset: {fileID: 0}
  m_GameObject: {fileID: 1806881933943626}
  m_LocalRotation: {x: 0.00000009529162, y: -0.00000004594383, z: -0.7071067, w: 0.7071069}
  m_LocalPosition: {x: -4.726167, y: 0.4222888, z: 0}
  m_LocalScale: {x: 0.9999999, y: 1, z: 1}
  m_Children: []
  m_Father: {fileID: 4695463183647846}
  m_RootOrder: 1
  m_LocalEulerAnglesHint: {x: 0.00001144409, y: -0.000003998574, z: 89.99998}
--- !u!1 &1809674423882789
GameObject:
  m_ObjectHideFlags: 0
  m_CorrespondingSourceObject: {fileID: 0}
  m_PrefabInstance: {fileID: 0}
  m_PrefabAsset: {fileID: 0}
  serializedVersion: 6
  m_Component:
  - component: {fileID: 4275950954408672}
  m_Layer: 0
  m_Name: Bip001 L Finger0
  m_TagString: Untagged
  m_Icon: {fileID: 0}
  m_NavMeshLayer: 0
  m_StaticEditorFlags: 0
  m_IsActive: 1
--- !u!4 &4275950954408672
Transform:
  m_ObjectHideFlags: 0
  m_CorrespondingSourceObject: {fileID: 0}
  m_PrefabInstance: {fileID: 0}
  m_PrefabAsset: {fileID: 0}
  m_GameObject: {fileID: 1809674423882789}
  m_LocalRotation: {x: 0.6861611, y: -0.3662068, z: 0.1031777, w: 0.6200241}
  m_LocalPosition: {x: -0.08495843, y: 0.0452261, z: -0.1671112}
  m_LocalScale: {x: 0.9999999, y: 1, z: 0.9999999}
  m_Children:
  - {fileID: 4337604556911852}
  m_Father: {fileID: 4396130155207371}
  m_RootOrder: 0
  m_LocalEulerAnglesHint: {x: 105.1452, y: 36.56305, z: 27.80047}
--- !u!1 &1840398037549935
GameObject:
  m_ObjectHideFlags: 0
  m_CorrespondingSourceObject: {fileID: 0}
  m_PrefabInstance: {fileID: 0}
  m_PrefabAsset: {fileID: 0}
  serializedVersion: 6
  m_Component:
  - component: {fileID: 4954983037183625}
  m_Layer: 0
  m_Name: Bip001 L Finger11
  m_TagString: Untagged
  m_Icon: {fileID: 0}
  m_NavMeshLayer: 0
  m_StaticEditorFlags: 0
  m_IsActive: 1
--- !u!4 &4954983037183625
Transform:
  m_ObjectHideFlags: 0
  m_CorrespondingSourceObject: {fileID: 0}
  m_PrefabInstance: {fileID: 0}
  m_PrefabAsset: {fileID: 0}
  m_GameObject: {fileID: 1840398037549935}
  m_LocalRotation: {x: 0, y: 0, z: -0.09359924, w: 0.99561}
  m_LocalPosition: {x: -0.1429923, y: -0.0000002384186, z: 0}
  m_LocalScale: {x: 1, y: 1, z: 1}
  m_Children:
  - {fileID: 4909570081694959}
  m_Father: {fileID: 4859923866868896}
  m_RootOrder: 0
  m_LocalEulerAnglesHint: {x: 0, y: 0, z: 10.74141}
--- !u!1 &1909349208297482
GameObject:
  m_ObjectHideFlags: 0
  m_CorrespondingSourceObject: {fileID: 0}
  m_PrefabInstance: {fileID: 0}
  m_PrefabAsset: {fileID: 0}
  serializedVersion: 6
  m_Component:
  - component: {fileID: 4410974172561191}
  m_Layer: 0
  m_Name: Bip001 Spine
  m_TagString: Untagged
  m_Icon: {fileID: 0}
  m_NavMeshLayer: 0
  m_StaticEditorFlags: 0
  m_IsActive: 1
--- !u!4 &4410974172561191
Transform:
  m_ObjectHideFlags: 0
  m_CorrespondingSourceObject: {fileID: 0}
  m_PrefabInstance: {fileID: 0}
  m_PrefabAsset: {fileID: 0}
  m_GameObject: {fileID: 1909349208297482}
  m_LocalRotation: {x: -0.000002080447, y: 0.000000693676, z: -0.000398159, w: 0.9999999}
  m_LocalPosition: {x: -0.2553369, y: -0.0003414857, z: 0.0000003545747}
  m_LocalScale: {x: 1, y: 0.9999999, z: 0.9999999}
  m_Children:
  - {fileID: 4961136026158104}
  - {fileID: 4082771738951763}
  - {fileID: 4918621689073789}
  m_Father: {fileID: 4596810092048990}
  m_RootOrder: 0
  m_LocalEulerAnglesHint: {x: -0.0002384333, y: -0.00007939449, z: 0.04562566}
--- !u!1 &1915113772285645
GameObject:
  m_ObjectHideFlags: 0
  m_CorrespondingSourceObject: {fileID: 0}
  m_PrefabInstance: {fileID: 0}
  m_PrefabAsset: {fileID: 0}
  serializedVersion: 6
  m_Component:
  - component: {fileID: 4865790668488903}
  m_Layer: 0
  m_Name: Bip001 L Finger3
  m_TagString: Untagged
  m_Icon: {fileID: 0}
  m_NavMeshLayer: 0
  m_StaticEditorFlags: 0
  m_IsActive: 1
--- !u!4 &4865790668488903
Transform:
  m_ObjectHideFlags: 0
  m_CorrespondingSourceObject: {fileID: 0}
  m_PrefabInstance: {fileID: 0}
  m_PrefabAsset: {fileID: 0}
  m_GameObject: {fileID: 1915113772285645}
  m_LocalRotation: {x: -0.12458, y: 0.1136019, z: -0.07024375, w: 0.9831787}
  m_LocalPosition: {x: -0.3346924, y: 0.01124287, z: 0.06865197}
  m_LocalScale: {x: 0.9999999, y: 1, z: 0.9999999}
  m_Children:
  - {fileID: 4146769452795121}
  m_Father: {fileID: 4396130155207371}
  m_RootOrder: 3
  m_LocalEulerAnglesHint: {x: -15.46446, y: -11.88101, z: 9.792049}
--- !u!1 &1925095819293115
GameObject:
  m_ObjectHideFlags: 0
  m_CorrespondingSourceObject: {fileID: 0}
  m_PrefabInstance: {fileID: 0}
  m_PrefabAsset: {fileID: 0}
  serializedVersion: 6
  m_Component:
  - component: {fileID: 4857562205736591}
  m_Layer: 0
  m_Name: Bip001 R Hand
  m_TagString: Untagged
  m_Icon: {fileID: 0}
  m_NavMeshLayer: 0
  m_StaticEditorFlags: 0
  m_IsActive: 1
--- !u!4 &4857562205736591
Transform:
  m_ObjectHideFlags: 0
  m_CorrespondingSourceObject: {fileID: 0}
  m_PrefabInstance: {fileID: 0}
  m_PrefabAsset: {fileID: 0}
  m_GameObject: {fileID: 1925095819293115}
  m_LocalRotation: {x: 0.7585155, y: 0.04032716, z: -0.05033153, w: 0.6484556}
  m_LocalPosition: {x: -0.4678586, y: 0, z: -0.0000001192093}
  m_LocalScale: {x: 1, y: 1, z: 1}
  m_Children:
  - {fileID: 4098404762526984}
  - {fileID: 4147184145687769}
  - {fileID: 4691657396662134}
  - {fileID: 4773183553206862}
  - {fileID: 4549940629895821}
  - {fileID: 4451110996182150}
  - {fileID: 4983167880574391}
  m_Father: {fileID: 4670590786945171}
  m_RootOrder: 0
  m_LocalEulerAnglesHint: {x: 98.93037, y: -7.391891, z: 0.2367649}
--- !u!1 &1925750434312031
GameObject:
  m_ObjectHideFlags: 0
  m_CorrespondingSourceObject: {fileID: 0}
  m_PrefabInstance: {fileID: 0}
  m_PrefabAsset: {fileID: 0}
  serializedVersion: 6
  m_Component:
  - component: {fileID: 4108940808341018}
  - component: {fileID: 137575585060350549}
  m_Layer: 10
  m_Name: Ms_zb06_1
  m_TagString: Untagged
  m_Icon: {fileID: 0}
  m_NavMeshLayer: 0
  m_StaticEditorFlags: 0
  m_IsActive: 1
--- !u!4 &4108940808341018
Transform:
  m_ObjectHideFlags: 0
  m_CorrespondingSourceObject: {fileID: 0}
  m_PrefabInstance: {fileID: 0}
  m_PrefabAsset: {fileID: 0}
  m_GameObject: {fileID: 1925750434312031}
  m_LocalRotation: {x: -0.7071068, y: 0, z: 0, w: 0.7071068}
  m_LocalPosition: {x: 0, y: 0, z: 0}
  m_LocalScale: {x: 1, y: 1, z: 1}
  m_Children: []
  m_Father: {fileID: 4695463183647846}
  m_RootOrder: 5
  m_LocalEulerAnglesHint: {x: -90, y: 0, z: 0}
--- !u!137 &137575585060350549
SkinnedMeshRenderer:
  m_ObjectHideFlags: 0
  m_CorrespondingSourceObject: {fileID: 0}
  m_PrefabInstance: {fileID: 0}
  m_PrefabAsset: {fileID: 0}
  m_GameObject: {fileID: 1925750434312031}
  m_Enabled: 1
  m_CastShadows: 1
  m_ReceiveShadows: 1
  m_DynamicOccludee: 1
  m_MotionVectors: 1
  m_LightProbeUsage: 1
  m_ReflectionProbeUsage: 1
  m_RayTracingMode: 3
  m_RayTraceProcedural: 0
  m_RenderingLayerMask: 1
  m_RendererPriority: 0
  m_Materials:
  - {fileID: 2100000, guid: f1a025327b102e34583411e6d74d0e78, type: 2}
  m_StaticBatchInfo:
    firstSubMesh: 0
    subMeshCount: 0
  m_StaticBatchRoot: {fileID: 0}
  m_ProbeAnchor: {fileID: 0}
  m_LightProbeVolumeOverride: {fileID: 0}
  m_ScaleInLightmap: 1
  m_ReceiveGI: 1
  m_PreserveUVs: 0
  m_IgnoreNormalsForChartDetection: 0
  m_ImportantGI: 0
  m_StitchLightmapSeams: 0
  m_SelectedEditorRenderState: 3
  m_MinimumChartSize: 4
  m_AutoUVMaxDistance: 0.5
  m_AutoUVMaxAngle: 89
  m_LightmapParameters: {fileID: 0}
  m_SortingLayerID: 0
  m_SortingLayer: 0
  m_SortingOrder: 0
  serializedVersion: 2
  m_Quality: 0
  m_UpdateWhenOffscreen: 0
  m_SkinnedMotionVectors: 1
  m_Mesh: {fileID: 4300000, guid: 539b2d10ce5bf0141ab04670de2dbb01, type: 2}
  m_Bones:
  - {fileID: 4961136026158104}
  - {fileID: 4596810092048990}
  - {fileID: 4410974172561191}
  - {fileID: 4091546934370026}
  - {fileID: 4605054694314365}
  - {fileID: 4525912327417349}
  - {fileID: 4918621689073789}
  - {fileID: 4974181366803210}
  - {fileID: 4644770735345775}
  - {fileID: 4343568588082420}
  - {fileID: 4396130155207371}
  - {fileID: 4275950954408672}
  - {fileID: 4337604556911852}
  - {fileID: 4223529970582962}
  - {fileID: 4865790668488903}
  - {fileID: 4859923866868896}
  - {fileID: 4895046528510732}
  - {fileID: 4954983037183625}
  - {fileID: 4178044209666683}
  - {fileID: 4146769452795121}
  - {fileID: 4880558715143871}
  - {fileID: 4082771738951763}
  - {fileID: 4444253485778890}
  - {fileID: 4187592170043969}
  - {fileID: 4896499207571265}
  - {fileID: 4801565382307079}
  - {fileID: 4606700080406783}
  - {fileID: 4670590786945171}
  - {fileID: 4857562205736591}
  - {fileID: 4098404762526984}
  - {fileID: 4751239652164653}
  - {fileID: 4549940629895821}
  - {fileID: 4773183553206862}
  - {fileID: 4147184145687769}
  - {fileID: 4691657396662134}
  - {fileID: 4563155399506902}
  - {fileID: 4761346548195407}
  - {fileID: 4075865420139722}
  - {fileID: 4878661245935942}
  - {fileID: 4454109836039959}
  - {fileID: 4359470599465505}
  - {fileID: 4586447935726715}
  - {fileID: 4642412383182645}
  m_BlendShapeWeights: []
  m_RootBone: {fileID: 4596810092048990}
  m_AABB:
    m_Center: {x: -0.7162607, y: 0.0003595948, z: 0.3358923}
    m_Extent: {x: 1.518828, y: 1.206535, z: 3.077566}
  m_DirtyAABB: 0
--- !u!1 &1936959637896145
GameObject:
  m_ObjectHideFlags: 0
  m_CorrespondingSourceObject: {fileID: 0}
  m_PrefabInstance: {fileID: 0}
  m_PrefabAsset: {fileID: 0}
  serializedVersion: 6
  m_Component:
  - component: {fileID: 4075865420139722}
  m_Layer: 0
  m_Name: Bip001 R Finger31
  m_TagString: Untagged
  m_Icon: {fileID: 0}
  m_NavMeshLayer: 0
  m_StaticEditorFlags: 0
  m_IsActive: 1
--- !u!4 &4075865420139722
Transform:
  m_ObjectHideFlags: 0
  m_CorrespondingSourceObject: {fileID: 0}
  m_PrefabInstance: {fileID: 0}
  m_PrefabAsset: {fileID: 0}
  m_GameObject: {fileID: 1936959637896145}
  m_LocalRotation: {x: -0.000000001764698, y: 0.00000001525806, z: -0.129469, w: 0.9915835}
  m_LocalPosition: {x: -0.1352254, y: 0, z: 0}
  m_LocalScale: {x: 1, y: 1, z: 1}
  m_Children:
  - {fileID: 4984460885617388}
  m_Father: {fileID: 4773183553206862}
  m_RootOrder: 0
  m_LocalEulerAnglesHint: {x: -0.0000004268868, y: -0.000001707547, z: 14.87782}
--- !u!1 &1960639894004348
GameObject:
  m_ObjectHideFlags: 0
  m_CorrespondingSourceObject: {fileID: 0}
  m_PrefabInstance: {fileID: 0}
  m_PrefabAsset: {fileID: 0}
  serializedVersion: 6
  m_Component:
  - component: {fileID: 4672993375582052}
  m_Layer: 0
  m_Name: LeftFoot
  m_TagString: Untagged
  m_Icon: {fileID: 0}
  m_NavMeshLayer: 0
  m_StaticEditorFlags: 0
  m_IsActive: 1
--- !u!4 &4672993375582052
Transform:
  m_ObjectHideFlags: 0
  m_CorrespondingSourceObject: {fileID: 0}
  m_PrefabInstance: {fileID: 0}
  m_PrefabAsset: {fileID: 0}
  m_GameObject: {fileID: 1960639894004348}
  m_LocalRotation: {x: 0, y: -0.00000006127872, z: 0, w: 1}
  m_LocalPosition: {x: -0.07646501, y: 0.1676176, z: -0.00000001490116}
  m_LocalScale: {x: 1, y: 1, z: 1}
  m_Children: []
  m_Father: {fileID: 4605054694314365}
  m_RootOrder: 1
  m_LocalEulerAnglesHint: {x: 0, y: 0.000007022024, z: 0}
--- !u!1 &1962067325082741
GameObject:
  m_ObjectHideFlags: 0
  m_CorrespondingSourceObject: {fileID: 0}
  m_PrefabInstance: {fileID: 0}
  m_PrefabAsset: {fileID: 0}
  serializedVersion: 6
  m_Component:
  - component: {fileID: 4091546934370026}
  m_Layer: 0
  m_Name: Bip001 L Calf
  m_TagString: Untagged
  m_Icon: {fileID: 0}
  m_NavMeshLayer: 0
  m_StaticEditorFlags: 0
  m_IsActive: 1
--- !u!4 &4091546934370026
Transform:
  m_ObjectHideFlags: 0
  m_CorrespondingSourceObject: {fileID: 0}
  m_PrefabInstance: {fileID: 0}
  m_PrefabAsset: {fileID: 0}
  m_GameObject: {fileID: 1962067325082741}
  m_LocalRotation: {x: 0.000000003674582, y: 6.125638e-10, z: 0.1644338, w: 0.9863881}
  m_LocalPosition: {x: -0.1911952, y: 0.000000007450581, z: 0.00000005960464}
  m_LocalScale: {x: 1, y: 1, z: 1}
  m_Children:
  - {fileID: 4605054694314365}
  m_Father: {fileID: 4961136026158104}
  m_RootOrder: 0
  m_LocalEulerAnglesHint: {x: 0.0000004268868, y: -2.090596e-15, z: -18.92869}
--- !u!1 &1965360968140366
GameObject:
  m_ObjectHideFlags: 0
  m_CorrespondingSourceObject: {fileID: 0}
  m_PrefabInstance: {fileID: 0}
  m_PrefabAsset: {fileID: 0}
  serializedVersion: 6
  m_Component:
  - component: {fileID: 4891309342223098}
  m_Layer: 0
  m_Name: Bip001 L Finger0Nub
  m_TagString: Untagged
  m_Icon: {fileID: 0}
  m_NavMeshLayer: 0
  m_StaticEditorFlags: 0
  m_IsActive: 1
--- !u!4 &4891309342223098
Transform:
  m_ObjectHideFlags: 0
  m_CorrespondingSourceObject: {fileID: 0}
  m_PrefabInstance: {fileID: 0}
  m_PrefabAsset: {fileID: 0}
  m_GameObject: {fileID: 1965360968140366}
  m_LocalRotation: {x: 0.000000007450581, y: -1.110223e-16, z: -0.00000001490116,
    w: 1}
  m_LocalPosition: {x: -0.1712565, y: 0, z: -0.0000002384186}
  m_LocalScale: {x: 1, y: 0.9999999, z: 1}
  m_Children: []
  m_Father: {fileID: 4337604556911852}
  m_RootOrder: 0
  m_LocalEulerAnglesHint: {x: 0.0000008537738, y: 0, z: 0.000001707547}
--- !u!1 &1997691568310482
GameObject:
  m_ObjectHideFlags: 0
  m_CorrespondingSourceObject: {fileID: 0}
  m_PrefabInstance: {fileID: 0}
  m_PrefabAsset: {fileID: 0}
  serializedVersion: 6
  m_Component:
  - component: {fileID: 4549940629895821}
  m_Layer: 0
  m_Name: Bip001 R Finger4
  m_TagString: Untagged
  m_Icon: {fileID: 0}
  m_NavMeshLayer: 0
  m_StaticEditorFlags: 0
  m_IsActive: 1
--- !u!4 &4549940629895821
Transform:
  m_ObjectHideFlags: 0
  m_CorrespondingSourceObject: {fileID: 0}
  m_PrefabInstance: {fileID: 0}
  m_PrefabAsset: {fileID: 0}
  m_GameObject: {fileID: 1997691568310482}
  m_LocalRotation: {x: 0.289227, y: -0.2010338, z: -0.1520101, w: 0.9234859}
  m_LocalPosition: {x: -0.3089015, y: 0.0219121, z: -0.151923}
  m_LocalScale: {x: 1, y: 0.9999999, z: 1}
  m_Children:
  - {fileID: 4761346548195407}
  m_Father: {fileID: 4857562205736591}
  m_RootOrder: 4
  m_LocalEulerAnglesHint: {x: 38.37146, y: 16.46161, z: 24.45747}
--- !u!1 &482555958312082846
GameObject:
  m_ObjectHideFlags: 0
  m_CorrespondingSourceObject: {fileID: 0}
  m_PrefabInstance: {fileID: 0}
  m_PrefabAsset: {fileID: 0}
  serializedVersion: 6
  m_Component:
  - component: {fileID: 7915005629734769933}
  - component: {fileID: 6825676616631207580}
  m_Layer: 10
  m_Name: shadow
  m_TagString: Untagged
  m_Icon: {fileID: 0}
  m_NavMeshLayer: 0
  m_StaticEditorFlags: 0
  m_IsActive: 1
--- !u!4 &7915005629734769933
Transform:
  m_ObjectHideFlags: 0
  m_CorrespondingSourceObject: {fileID: 0}
  m_PrefabInstance: {fileID: 0}
  m_PrefabAsset: {fileID: 0}
  m_GameObject: {fileID: 482555958312082846}
  m_LocalRotation: {x: -0.7071068, y: 0, z: 0, w: 0.7071068}
  m_LocalPosition: {x: 0, y: 0, z: 0}
  m_LocalScale: {x: 1, y: 1, z: 1}
  m_Children: []
  m_Father: {fileID: 4695463183647846}
  m_RootOrder: 14
  m_LocalEulerAnglesHint: {x: -90, y: 0, z: 0}
--- !u!137 &6825676616631207580
SkinnedMeshRenderer:
  m_ObjectHideFlags: 0
  m_CorrespondingSourceObject: {fileID: 0}
  m_PrefabInstance: {fileID: 0}
  m_PrefabAsset: {fileID: 0}
  m_GameObject: {fileID: 482555958312082846}
  m_Enabled: 1
  m_CastShadows: 1
  m_ReceiveShadows: 1
  m_DynamicOccludee: 1
  m_MotionVectors: 1
  m_LightProbeUsage: 1
  m_ReflectionProbeUsage: 1
  m_RayTracingMode: 3
  m_RayTraceProcedural: 0
  m_RenderingLayerMask: 1
  m_RendererPriority: 0
  m_Materials:
  - {fileID: 2100000, guid: 5f2e586f9fbdd8e42b66f22851a083d0, type: 2}
  m_StaticBatchInfo:
    firstSubMesh: 0
    subMeshCount: 0
  m_StaticBatchRoot: {fileID: 0}
  m_ProbeAnchor: {fileID: 0}
  m_LightProbeVolumeOverride: {fileID: 0}
  m_ScaleInLightmap: 1
  m_ReceiveGI: 1
  m_PreserveUVs: 0
  m_IgnoreNormalsForChartDetection: 0
  m_ImportantGI: 0
  m_StitchLightmapSeams: 0
  m_SelectedEditorRenderState: 3
  m_MinimumChartSize: 4
  m_AutoUVMaxDistance: 0.5
  m_AutoUVMaxAngle: 89
  m_LightmapParameters: {fileID: 0}
  m_SortingLayerID: 0
  m_SortingLayer: 0
  m_SortingOrder: 0
  serializedVersion: 2
  m_Quality: 0
  m_UpdateWhenOffscreen: 0
  m_SkinnedMotionVectors: 1
  m_Mesh: {fileID: 4300000, guid: 539b2d10ce5bf0141ab04670de2dbb01, type: 2}
  m_Bones:
  - {fileID: 4961136026158104}
  - {fileID: 4596810092048990}
  - {fileID: 4410974172561191}
  - {fileID: 4091546934370026}
  - {fileID: 4605054694314365}
  - {fileID: 4525912327417349}
  - {fileID: 4918621689073789}
  - {fileID: 4974181366803210}
  - {fileID: 4644770735345775}
  - {fileID: 4343568588082420}
  - {fileID: 4396130155207371}
  - {fileID: 4275950954408672}
  - {fileID: 4337604556911852}
  - {fileID: 4223529970582962}
  - {fileID: 4865790668488903}
  - {fileID: 4859923866868896}
  - {fileID: 4895046528510732}
  - {fileID: 4954983037183625}
  - {fileID: 4178044209666683}
  - {fileID: 4146769452795121}
  - {fileID: 4880558715143871}
  - {fileID: 4082771738951763}
  - {fileID: 4444253485778890}
  - {fileID: 4187592170043969}
  - {fileID: 4896499207571265}
  - {fileID: 4801565382307079}
  - {fileID: 4606700080406783}
  - {fileID: 4670590786945171}
  - {fileID: 4857562205736591}
  - {fileID: 4098404762526984}
  - {fileID: 4751239652164653}
  - {fileID: 4549940629895821}
  - {fileID: 4773183553206862}
  - {fileID: 4147184145687769}
  - {fileID: 4691657396662134}
  - {fileID: 4563155399506902}
  - {fileID: 4761346548195407}
  - {fileID: 4075865420139722}
  - {fileID: 4878661245935942}
  - {fileID: 4454109836039959}
  - {fileID: 4359470599465505}
  - {fileID: 4586447935726715}
  - {fileID: 4642412383182645}
  m_BlendShapeWeights: []
  m_RootBone: {fileID: 4596810092048990}
  m_AABB:
    m_Center: {x: -0.7162607, y: 0.0003595948, z: 0.3358923}
    m_Extent: {x: 1.518828, y: 1.206535, z: 3.077566}
  m_DirtyAABB: 0
